 Dungeon Crawl Stone Soup version 0.29.0-4-gdea44cf6ec (webtiles) character file.

Game seed: 17260055208425007532

529644 qw the Slayer (level 24, -8/246 (247) HPs)
             Began as a Minotaur Berserker on Sept 4, 2022.
             Was an Elder of Trog.
             Mangled by a red draconian
             ... wielding a +0 glaive
             ... led by a white draconian stormcaller
              (11 damage)
             ... on level 5 of the Realm of Zot on Sept 5, 2022.
             The game lasted 00:28:03 (59024 turns).

qw the Slayer (Minotaur Berserker)                 Turns: 59024, Time: 00:28:03

HP:   -8/246 (247)  AC: 44    Str: 44      XL:     24   Next: 38%
MP:   22/22         EV: 25    Int: 12      God:    Trog [****..]
Gold: 3648          SH: 28    Dex: 14 (15) Spells: 23/23 levels left

rFire   x x .      SeeInvis +   s - +4 broad axe (vamp)
rCold   . . .      Faith    .   y - +0 tower shield
rNeg    + . .      Spirit   .   m - +9 plate armour "Itiekkoz" {rN+ Will+}
rPois   +          Reflect  +   (helmet restricted)
rElec   +          Harm     .   C - +0 cloak of the Hanged Man {rPois rF- Regen+ Int+5 SInv}
rCorr   +          Rampage  .   x - +4 pair of gloves "Ubbiup" {Will+ Str+4 Dex+4}
Will    +++++      Rage     3%  f - +4 pair of boots "Ufahyt" {Will+ Dex+4}
Stlth   ..........              g - amulet of reflection
HPRegen 1.00/turn               z - ring of Asacwamyg {rElec rF- rCorr EV+4 Str+5}
MPRegen 0.18/turn               i - ring "Synwasoi" {EV+4 Str+6 Int+3}

@: about to teleport, strong-willed (expiring), on berserk cooldown,
regenerating (expiring), slowed, lightly drained, very slow
A: horns 2, retaliatory headbutt, berserk 1, clumsy 2, deterioration 2,
inhibited regeneration, weak 2, subdued magic 2, inability to drink after injury
1
}: 3/15 runes: decaying, silver, gossamer
a: Renounce Religion, Berserk, Trog's Hand, Brothers in Arms


You were on level 5 of the Realm of Zot.
You worshipped Trog.
Trog was greatly pleased with you.
You visited 8 branches of the dungeon, and saw 44 of its levels.
You also visited: Desolation.

You collected 7378 gold pieces.
You spent 3730 gold pieces at shops.


Innate Abilities, Weirdness & Mutations

You have a pair of horns on your head.
You reflexively headbutt those who attack you in melee.
You sometimes lose your temper in combat.
You are very clumsy. (Dex -4)
Your body often deteriorates upon taking damage.
You do not regenerate when monsters are visible.
You are very weak. (Str -4)
Your spells are easier to cast, but less powerful.
You occasionally lose the ability to drink potions when taking damage.


   Skills:
 + Level 26.9 Fighting
 - Level 20.0 Axes
 - Level 15.0 Throwing
 - Level 24.0 Armour
 - Level 18.0 Dodging
 - Level 22.9 Shields
 + Level 4.1 Evocations


You had 23 spell levels left.
You didn't know any spells.
Your spell library was empty.

Inventory:

Hand Weapons
 s - a +4 vampiric broad axe (weapon)
Missiles
 c - 3 boomerangs (quivered)
 v - 2 silver javelins
Armour
 f - the +4 pair of boots "Ufahyt" (worn) {Will+ Dex+4}
   (You bought it in a shop on level 2 of the Orcish Mines)

   Dex:       It affects your dexterity (+4).
   Will:      It increases your willpower.
 k - +0 gold dragon scales
 m - the +9 plate armour "Itiekkoz" (worn) {rN+ Will+}
   (You found it on level 2 of the Vaults)

   rN:        It protects you from negative energy.
   Will:      It increases your willpower.
 r - the +4 dragonskin cloak
   (You took it off Tiamat on level 3 of the Realm of Zot)

   It grants the wearer a chance to resist fire, cold, poison, electricity,
   acid, and negative energy.
 x - the +4 pair of gloves "Ubbiup" (worn) {Will+ Str+4 Dex+4}
   (You found it in the Desolation of Salt)

   Str:       It affects your strength (+4).
   Dex:       It affects your dexterity (+4).
   Will:      It increases your willpower.
 y - a +0 tower shield (worn)
 C - the +0 cloak of the Hanged Man (worn) {rPois rF- Regen+ Int+5 SInv}
   (You found it in the Desolation of Salt)

   Int:       It affects your intelligence (+5).
   rF:        It makes you vulnerable to fire.
   rPois:     It protects you from poison.
   SInv:      It lets you see invisible.
   Regen:     It increases your rate of health regeneration.
Jewellery
 g - an amulet of reflection (around neck)
 h - the ring "Ulyewn" {EV+4 SInv}
   (You acquired it on level 6 of the Dungeon)

   [ring of evasion]

   EV:        It affects your evasion (+4).
   SInv:      It lets you see invisible.
 i - the ring "Synwasoi" (right hand) {EV+4 Str+6 Int+3}
   (You bought it in a shop on level 2 of the Orcish Mines)

   [ring of evasion]

   EV:        It affects your evasion (+4).
   Str:       It affects your strength (+6).
   Int:       It affects your intelligence (+3).
 o - the amulet "Wearos" {Spirit Harm rCorr Str+4 Int+4}
   (You found it in the Desolation of Salt)

   [amulet of guardian spirit]

   It causes incoming damage to be divided between your reserves of health and
   magic.
   Str:       It affects your strength (+4).
   Int:       It affects your intelligence (+4).
   rCorr:     It protects you from acid and corrosion.
   Harm:      It increases damage dealt and taken.
 q - the ring of Wopautwe {Contam rPois rC+ Will+}
   (You found it in the Desolation of Salt)

   [ring of poison resistance]

   rC:        It protects you from cold.
   rPois:     It protects you from poison.
   Contam:    It causes magical contamination when unequipped.
   Will:      It increases your willpower.
 t - a ring of protection from fire
 z - the ring of Asacwamyg (left hand) {rElec rF- rCorr EV+4 Str+5}
   (You took it off a necromancer on level 5 of the Vaults)

   [ring of evasion]

   EV:        It affects your evasion (+4).
   Str:       It affects your strength (+5).
   rF:        It makes you vulnerable to fire.
   rElec:     It insulates you from electricity.
   rCorr:     It protects you from acid and corrosion.
Scrolls
 a - 21 scrolls of identify
 u - 8 scrolls of enchant armour
 w - 5 scrolls of teleportation
Potions
 b - 10 potions of might
 d - 2 potions of cancellation
 e - 20 potions of curing
 l - 11 potions of mutation
 n - 2 potions of heal wounds
 p - 6 potions of haste

Dungeon Overview and Level Annotations

Branches:
Dungeon (15/15)            Temple (0/1) D:5            Lair (5/5) D:10
  Swamp (4/4) Lair:3       Spider (4/4) Lair:2        Slime (0/5) Lair:4
    Orc (2/2) D:12            Elf (0/3) Orc:2        Vaults (5/5) D:14
  Crypt (0/3) Vaults:3     Depths (4/4) D:15            Zot (5/5) Depths:4
Desolation (visited)

Altars:
Ashenzari
Cheibriados
Gozag
Kikubaaqudgha
Makhleb
Nemelex Xobeh
Sif Muna
Wu Jian
Yredelemnul
The Shining One
Jiyva
Lugonu

Shops:
D:6 (*   D:15 *   Orc:1 [   Orc:2 [*(=(   Vaults:2 [   Vaults:3 (
Depths:1 ::=:   Depths:2 =

Portals:
Hell: Depths:1 Depths:2 Depths:3 Depths:4
Abyss: Lair:5 Depths:3 Depths:4
Pandemonium: Depths:1 Depths:2
Ziggurat: Depths:2
Trove: D:12 (give 17 scrolls of teleportation)

Annotations:
D:2 1 runed translucent door, Crazy Yiuf
D:3 2 runed translucent doors, qw's ghost, novice MiFi
D:11 1 runed translucent door, qw's ghost, journeyman MiFi
D:13 3 runed translucent doors
D:15 1 runed translucent door, qw's ghost, journeyman MiBe
Lair:1 3 runed translucent doors, qw's ghost, novice TrCA
Spider:3 2 runed translucent doors, qw's ghost, adept MiBe
Orc:1 1 runed translucent door, Nergalle
Zot:1 1 transporter


Message History

You headbutt the dread lich, but do no damage.
The green draconian hits you from afar with a +0 halberd!!
59023 ||| DRINKING 4 potions of heal wounds.
You feel much better.
You feel the effects of Trog's Hand fading.
The orb of fire emits a lurid red light.
Strange energies course through your body.
You block the red draconian's attack.
The dread lich gestures at you while chanting.
You resist with almost no effort. You block the green draconian's attack.
The Hell Sentinel hits you!!
The Hell Sentinel hits you but does no damage.
The white draconian rages.
The Hell Sentinel closely misses you. You block the Hell Sentinel's attack.
The white draconian stormcaller misses you.
The dread lich completely misses you. The reaper barely misses you.
The dread lich touches you but does no damage.
You block the red draconian's attack.
The lindwurm rages.
The green draconian hits you but does no damage.
The Hell Sentinel hits you but does no damage.
The Hell Sentinel completely misses you.
The Hell Sentinel hits you but does no damage.
The Hell Sentinel completely misses you.
The orb of fire glows deep purple.
The bolt of fire misses you.
The bolt of fire hits the Hell Sentinel.
The Hell Sentinel completely resists.
The bolt of fire hits the Hell Sentinel.
The Hell Sentinel completely resists.
The Killer Klown blinks!
59024 ||| DRINKING 3 potions of heal wounds.
You feel much better. You block the red draconian's attack.
The dread lich touches you!
The white draconian rages.
You block the green draconian's attack.
The white draconian stormcaller hits you but does no damage.
The dread lich barely misses you.
The reaper hits you from afar with a +3 scythe of protection!!
The red draconian hits you from afar with a +0 glaive!
You die...

.............##
...^......$.^.#
........!.....^
......./.^.....
.......k.......
.$...dydd......
....dd*Lqk....#
....yd*@11.$.#
##############L1k..##
###..^(.(.^..
22.....#
#....##...L..
.....9...# ...###
........p....... ..##
.^............. .##
.............. .#
.............. ## ^


You could see 2 orbs of fire, a Killer Klown, 3 Hell Sentinels, an electric
golem, 2 dread liches, a green draconian (berserk), a purple draconian
(berserk), a red draconian (berserk), 3 draconians, a white draconian
stormcaller, a reaper (summoned), a death drake (summoned, berserk), a lindwurm
(summoned, berserk), 2 moths of wrath, a hellion (summoned) and a swamp drake
(summoned, berserk).

Vanquished Creatures
  3 dread liches
  Tiamat (Zot:3)
  2 orbs of fire (Zot:5)
  2 caustic shrikes (Depths:3)
  7 golden dragons
  Nikola (Swamp:3)
  2 bone dragons (Depths:4)
  Zenata (Vaults:3)
  9 tentacled monstrosities
  A walking crystal tome (Depths:3)
  Jorgrun (D:14)
  10 Orb Guardians (Zot:5)
  5 liches
  4 quicksilver dragons
  2 death cobs
  4 titans (Vaults:5)
  6 sphinxes
  9 shadow dragons
  Frances (Swamp:2)
  8 tengu reavers
  12 storm dragons
  2 thorn hunters (Swamp:4)
  Roxanne (Swamp:3)
  10 fire giants
  A rockslime (shapeshifter) (Vaults:5)
  3 draconian monks
  6 frost giants
  A draconian knight (Depths:4)
  A balrug (Depths:4)
  An orc warlord (Vaults:1)
  6 ghost moths
  14 vault wardens
  Aizul (Depths:2)
  2 emperor scorpions (Spider:3)
  4 draconian scorchers
  5 draconian shifters
  2 imperial myrmidons (Desolation)
  2 spriggan defenders
  A draconian stormcaller (Zot:3)
  5 draconian annihilators
  23 ironbound preservers
  6 war gargoyles
  25 very ugly things
  A broodmother (Spider:3)
  11 stone giants
  A lorocyproca (Depths:1)
  5 ironbound thunderhulks
  9 green draconians
  A quicksilver ooze (shapeshifter) (Vaults:5)
  3 vampire knights
  A deep elf demonologist (Vaults:2)
  3 eleionomae
  8 purple draconians
  5 entropy weavers
  4 spark wasps
  2 bunyips
  10 yellow draconians
  9 black draconians
  9 white draconians
  6 red draconians
  14 dire elephants
  3 crystal guardians
  16 yaktaur captains
  10 ettins
  A deep elf death mage (Vaults:5)
  Josephine (D:14)
  3 fire dragons
  3 deep elf high priests
  3 great orbs of eyes
  6 ragged hierophants (Desolation)
  8 ice dragons
  11 peacekeepers
  5 servants of whispers (Desolation)
  3 rakshasas
  17 hydras
  32 vault guards
  5 boulder beetles
  A jorogumo (Spider:4)
  A catoblepas (Lair:5)
  An ogre mage (Vaults:5)
  8 alligators
  6 ghost crabs
  5 radroaches
  6 centaur warriors
  4 ironbound frosthearts
  3 spriggan air magi
  3 two-headed ogres
  9 deep troll earth magi
  2 death yaks (Lair:5)
  6 deep troll shamans
  A thrashing horror (Lair:5)
  2 sun demons (Depths:4)
  A spriggan berserker (Depths:1)
  Sonja (Lair:2)
  7 hell knights
  7 iron trolls
  9 pharaoh ants
  8 steelbarb worms
  2 goliath frogs
  3 sun moths
  44 deep trolls
  3 orb spiders
  7 swamp dragons
  3 spriggan druids
  7 bog bodies
  6 wizards
  Pikel (D:7)
  4 glowing orange brains
  8 lindwurms
  4 orc knights
  3 harpies (Vaults:1)
  3 oklob plants (Lair:4)
  8 wolf spiders
  16 ironbound convokers
  4 necromancers
  A deep elf pyromancer (D:14)
  8 cyclopes
  A tengu skeleton (Vaults:2)
  A manticore (D:14)
  3 orc sorcerers
  A manticore (shapeshifter) (Depths:3)
  33 ugly things
  A cyclops (shapeshifter) (Vaults:5)
  3 will-o-the-wisps
  20 moths of wrath
  12 elephants
  3 black mambas
  A sphinx skeleton (Depths:3)
  A guardian serpent (Desolation)
  A fire giant skeleton (Vaults:2)
  3 rust devils (Depths:1)
  An elephant (shapeshifter) (Vaults:5)
  11 vault sentinels
  2 smoke demons
  7 torpor snails
  An eye of devastation (shapeshifter) (Depths:3)
  4 cane toads
  2 molten gargoyles (Desolation)
  A gargoyle (D:13)
  3 unseen horrors
  An efreet (D:14)
  8 komodo dragons
  5 rime drakes
  A kobold demonologist (D:10)
  32 yaktaurs
  9 demonic crawlers
  A komodo dragon (shapeshifter) (D:15)
  A hellwing (Depths:1)
  An ancient zyme (Lair:5)
  A tengu conjurer (D:14)
  2 meliai (shapeshifter) (Vaults:2)
  A bloated husk (Swamp:3)
  3 polar bears
  3 tyrant leeches
  6 trolls
  20 blink frogs
  16 meliai
  Grinder (D:3)
  16 tarantellas
  4 hornets
  27 slime creatures
  A snapping turtle (shapeshifter) (Depths:1)
  27 saltlings (Desolation)
  A raiju (shapeshifter) (Lair:5)
  An iron dragon simulacrum (Depths:3)
  A deep troll zombie (Vaults:2)
  15 jumping spiders
  Sigmund (D:2)
  A vampire (D:9)
  2 wyverns (Lair:4)
  8 spriggans
  A water elemental (Depths:4)
  3 shadows
  13 culicivoras
  3 large abominations (Lair:5)
  A hog (shapeshifter) (Lair:5)
  7 wraiths
  A yak (shapeshifter) (D:15)
  A hog (Spider:2)
  A neqoxec (Depths:1)
  38 yaks
  A basilisk (shapeshifter) (D:15)
  3 basilisks
  2 ynoxinuls
  3 steam dragons
  40 redbacks
  21 vampire mosquitoes
  A swamp worm (shapeshifter) (D:15)
  Menkaure (D:6)
  13 swamp worms
  A chaos spawn (Depths:1)
  2 wargs (Orc:2)
  Edmund (D:6)
  2 acid dragons
  13 water moccasins
  23 orc warriors
  3 sky beasts
  A black bear (D:6)
  5 swamp drakes
  16 wolves
  8 ogres
  4 boggarts (Vaults:1)
  3 centaurs
  2 lemures (D:7)
  3 kobold brigands (D:10)
  19 bullfrogs
  2 human zombies (Vaults:2)
  A scorpion (D:6)
  2 necrophages (D:6)
  6 small abominations (Lair:5)
  9 killer bees
  A howler monkey (D:9)
  An electric eel (Lair:3)
  11 jellies
  21 orc priests
  5 hounds
  An iguana (D:6)
  23 orc wizards
  14 gnolls
  6 adders
  A white imp (D:7)
  4 ufetubi
  4 worms
  3 dart slugs
  68 orcs
  3 ball pythons
  6 endoplasms
  A giant cockroach (D:1)
  10 hobgoblins
  6 jackals
  2 quokkas
  3 training dummies (D:6)
  8 bats
  5 frilled lizards
  5 goblins
  16 kobolds
  6 rats
  A briar patch (Swamp:4)
1516 creatures vanquished.

Vanquished Creatures (collateral kills)
  Mara (Depths:2)
  3 tentacled monstrosities
  A titan (Vaults:5)
  Kirke (Spider:2)
  A thorn hunter (Swamp:4)
  2 tengu reavers (Vaults:5)
  A shadow dragon (Vaults:5)
  2 storm dragons (Vaults:5)
  A draconian knight (Zot:4)
  3 vault wardens
  A draconian shifter (Zot:3)
  An orc warlord (Orc:2)
  2 imperial myrmidons (Desolation)
  3 emperor scorpions
  Louise (Swamp:4)
  6 very ugly things
  A draconian stormcaller (Zot:4)
  2 ironbound preservers (Vaults:1)
  2 stone giants
  4 ironbound thunderhulks
  A black draconian (Zot:3)
  A war gargoyle (Vaults:5)
  An eleionoma (Swamp:4)
  A green draconian (Depths:4)
  A juggernaut skeleton (Depths:3)
  An entropy weaver (Vaults:2)
  3 dire elephants
  A halazid warlock (Desolation)
  An ettin (Depths:3)
  2 crystal guardians
  A fire dragon (Depths:4)
  3 ragged hierophants (Desolation)
  A yaktaur captain (Vaults:4)
  2 ice dragons
  A radroach (Spider:4)
  A servant of whispers (Desolation)
  11 vault guards
  A peacekeeper (Vaults:3)
  3 boulder beetles
  8 hydras
  A jorogumo (Spider:4)
  2 two-headed ogres
  A deep troll shaman (Depths:2)
  3 alligators
  A deep troll earth mage (Vaults:5)
  2 thrashing horrors (Lair:5)
  A death yak (Lair:5)
  Urug (Lair:5)
  An orc high priest (Orc:2)
  A tengu warrior (D:14)
  A titan zombie (Depths:3)
  A hell knight (Depths:3)
  A pharaoh ant (Spider:4)
  4 steelbarb worms (Spider:4)
  2 bog bodies (Swamp:4)
  3 orb spiders
  2 swamp dragons (Swamp:4)
  17 deep trolls
  A goliath frog (Swamp:1)
  A wizard (Vaults:4)
  A harpy (Vaults:1)
  A necromancer (Depths:3)
  2 lindwurms
  4 orc knights
  4 wolf spiders
  6 ironbound convokers
  2 oklob plants
  10 ugly things
  2 orc sorcerers (Orc:1)
  A will-o-the-wisp (Swamp:3)
  9 elephants
  6 vault sentinels
  A smoke demon (Lair:5)
  3 cane toads
  A komodo dragon (Lair:4)
  An ancient zyme (Lair:5)
  3 yaktaurs (Vaults:5)
  2 demonic crawlers
  A rime drake (Lair:3)
  A troll (Orc:1)
  A meliai (Spider:3)
  A polar bear (shapeshifter) (Vaults:5)
  18 saltlings (Desolation)
  A tarantella (Spider:3)
  A tyrant leech (Swamp:1)
  7 blink frogs
  6 slime creatures
  A fire giant simulacrum (Depths:3)
  6 jumping spiders
  A spriggan (Lair:5)
  3 culicivoras
  3 wyverns
  A water elemental (Depths:4)
  10 yaks
  A ynoxinul (Lair:5)
  Grum (Lair:1)
  7 small abominations (Lair:5)
  A basilisk (D:12)
  3 redbacks (Spider:3)
  5 vampire mosquitoes
  A swamp worm (Swamp:4)
  7 water moccasins
  9 orc warriors
  An ice beast (D:8)
  2 black bears
  A boggart (Vaults:1)
  An ogre (Orc:1)
  9 wolves (Lair:1)
  A centaur (D:9)
  4 killer bees (D:9)
  2 electric eels (Lair:1)
  A hound (D:7)
  2 jellies (Lair:4)
  3 orc priests
  6 orc wizards
  A gnoll (D:7)
  9 orcs
  A plant (Lair:4)
331 creatures vanquished.

Vanquished Creatures (others)
  A will-o-the-wisp (Swamp:1)
  A jumping spider (Spider:3)
  An orc wizard (Orc:2)
  3 briar patches (Swamp:4)
  26 foxfires
  21 fungi
  80 plants
133 creatures vanquished.

Grand Total: 1980 creatures vanquished

Notes
Turn   | Place    | Note
-------+----------+-------------------------------------------
     0 | D:1      | qw the Minotaur Berserker began the quest for the Orb.
     0 | D:1      | Reached XP level 1. HP: 19/19 MP: 0/0
     0 | D:1      | 0 ||| qw: Version: 0.1-a-103-gd6f5d3a
     0 | D:1      | 0 ||| qw: Game counter: 5783
     0 | D:1      | 0 ||| qw: Always use a shield: true
     0 | D:1      | 0 ||| qw: Do Orc after D:15 true
     0 | D:1      | 0 ||| qw: Do second Lair branch before Depths: true
     0 | D:1      | 0 ||| qw: Lair rune preference: random
     0 | D:1      | 0 ||| qw: Plans: Normal
     0 | D:1      | 0 ||| PLANNING D:1-11
    62 | D:1      | 62 ||| Stepping ~*~*~tactically~*~*~ (stealth).
    87 | D:1      | 87 ||| Stepping ~*~*~tactically~*~*~ (stealth).
    93 | D:1      | Reached XP level 2. HP: 20/26 MP: 1/1
   238 | D:1      | 238 ||| Stepping ~*~*~tactically~*~*~ (stealth).
   239 | D:1      | 239 ||| Stepping ~*~*~tactically~*~*~ (stealth).
   242 | D:1      | 242 ||| Stepping ~*~*~tactically~*~*~ (stealth).
   263 | D:1      | 263 ||| Stepping ~*~*~tactically~*~*~ (stealth).
   418 | D:1      | 418 ||| Stepping ~*~*~tactically~*~*~ (stealth).
   423 | D:1      | 423 ||| Stepping ~*~*~tactically~*~*~ (stealth).
   432 | D:1      | 432 ||| Stepping ~*~*~tactically~*~*~ (stealth).
   433 | D:1      | 433 ||| Stepping ~*~*~tactically~*~*~ (stealth).
   451 | D:1      | 451 ||| Stepping ~*~*~tactically~*~*~ (stealth).
   452 | D:1      | 452 ||| Stepping ~*~*~tactically~*~*~ (stealth).
   463 | D:1      | 463 ||| Stepping ~*~*~tactically~*~*~ (stealth).
   466 | D:1      | 466 ||| Stepping ~*~*~tactically~*~*~ (stealth).
   483 | D:1      | 483 ||| Stepping ~*~*~tactically~*~*~ (stealth).
   719 | D:1      | Reached ** piety under Trog
   798 | D:1      | 798 ||| UPGRADING to +0 cloak.
   803 | D:1      | 803 ||| UPGRADING to +0 leather armour.
   813 | D:1      | 813 ||| DROPPING +0 animal skin.
   814 | D:1      | 814 ||| UPGRADING to +0 plate armour.
   824 | D:1      | 824 ||| DROPPING +0 leather armour.
   825 | D:1      | 825 ||| READING 3 scrolls labelled DINECWIOJE.
   826 | D:1      | 826 ||| READING 2 scrolls of identify.
   826 | D:1      | 826 ||| IDENTIFYING green potion
   835 | D:2      | 835 ||| STAIRDANCE
   838 | D:1      | Reached XP level 3. HP: 31/31 MP: 2/2
   840 | D:2      | 840 ||| STAIRDANCE
   842 | D:1      | 842 ||| INVOKING Berserk.
   913 | D:2      | 913 ||| STAIRDANCE
   990 | D:2      | 990 ||| INVOKING Berserk.
   991 | D:2      | 991 ||| INVOKING Berserk.
  1000 | D:2      | Reached skill level 6 in Axes
  1000 | D:2      | Reached XP level 4. HP: 18/39 MP: 3/3
  1121 | D:2      | 1121 ||| FLEEEEING.
  1122 | D:2      | 1122 ||| STAIRDANCE
  1228 | D:2      | Found a faded altar of an unknown god.
  1361 | D:2      | Found a runed translucent door.
  1362 | D:2      | Noticed Crazy Yiuf
  1453 | D:2      | Noticed Sigmund
  1454 | D:2      | 1454 ||| INVOKING Berserk.
  1458 | D:2      | Killed Sigmund
  1459 | D:2      | Reached XP level 5. HP: 45/45 MP: 4/4
  1912 | D:2      | 1912 ||| UPGRADING to +0 pair of gloves.
  1917 | D:2      | 1917 ||| UPGRADING to +4 ring of protection.
  1918 | D:2      | 1918 ||| DROPPING ring of flight.
  1919 | D:2      | 1919 ||| READING 3 scrolls labelled BOALIXZ LUENE.
  1974 | D:2      | 1974 ||| READING scroll labelled YMIAR GUNNERCH.
  2030 | D:3      | Reached XP level 6. HP: 51/51 MP: 5/5
  2162 | D:3      | 2162 ||| Stepping ~*~*~tactically~*~*~ (stealth).
  2169 | D:3      | 2169 ||| Stepping ~*~*~tactically~*~*~ (stealth).
  2180 | D:3      | Reached skill level 3 in Armour
  2350 | D:3      | 2350 ||| Stepping ~*~*~tactically~*~*~ (stealth).
  2352 | D:3      | 2352 ||| Stepping ~*~*~tactically~*~*~ (stealth).
  2361 | D:3      | Reached skill level 4 in Fighting
  2452 | D:3      | Found a runed translucent door.
  2452 | D:3      | Noticed qw's ghost (novice MiFi)
  2480 | D:3      | Noticed Grinder
  2481 | D:3      | 2481 ||| INVOKING Trog's Hand.
  2482 | D:3      | 2482 ||| INVOKING Berserk.
  2486 | D:3      | Killed Grinder
  2487 | D:3      | Reached skill level 9 in Axes
  2487 | D:3      | Reached XP level 7. HP: 59/59 MP: 6/6
  2613 | D:3      | Found a runed translucent door.
  2781 | D:3      | 2781 ||| READING scroll labelled PUDGHE ONKEHIO.
  2782 | D:3      | 2782 ||| READING scroll labelled KUFRIOTH XAUK.
  2783 | D:3      | 2783 ||| READING scroll labelled GOSHE ZOES.
  2784 | D:3      | 2784 ||| DRINKING 2 fizzy emerald potions.
  2785 | D:3      | 2785 ||| READING 2 scrolls of identify.
  2785 | D:3      | 2785 ||| IDENTIFYING dark potion
  2786 | D:3      | 2786 ||| DROPPING potion of brilliance.
  2787 | D:3      | 2787 ||| DROPPING potion of attraction.
  3026 | D:4      | 3026 ||| DROPPING +0 whip.
  3108 | D:4      | Reached *** piety under Trog
  3543 | D:4      | 3543 ||| READING scroll labelled QISUCR IDGHOFROTA.
  3601 | D:5      | Entered Level 5 of the Dungeon
  3667 | D:5      | 3667 ||| INVOKING Berserk.
  3675 | D:5      | Reached skill level 5 in Fighting
  3876 | D:5      | 3876 ||| Stepping ~*~*~tactically~*~*~ (stealth).
  3953 | D:5      | Found a staircase to the Ecumenical Temple.
  4011 | D:5      | 4011 ||| INVOKING Berserk.
  4467 | D:5      | Found an ornate altar of the Wu Jian Council.
  4486 | D:5      | 4486 ||| Stepping ~*~*~tactically~*~*~ (stealth).
  4488 | D:5      | 4488 ||| Stepping ~*~*~tactically~*~*~ (hiding).
  4489 | D:5      | 4489 ||| Stepping ~*~*~tactically~*~*~ (hiding).
  4492 | D:5      | 4492 ||| INVOKING Berserk.
  4591 | D:5      | 4591 ||| DROPPING +0 flail.
  4614 | D:5      | 4614 ||| INVOKING Berserk.
  4617 | D:5      | Reached XP level 8. HP: 68/68 MP: 7/7
  4950 | D:5      | 4950 ||| Stepping ~*~*~tactically~*~*~ (stealth).
  4959 | D:5      | 4959 ||| UPGRADING to +2 cloak of preservation.
  4969 | D:5      | 4969 ||| DROPPING +0 cloak.
  4970 | D:5      | 4970 ||| UPGRADING to +6 ring of dexterity.
  4971 | D:5      | 4971 ||| READING 4 scrolls of identify.
  4971 | D:5      | 4971 ||| IDENTIFYING sapphire potion
  4972 | D:5      | 4972 ||| READING 3 scrolls of identify.
  4972 | D:5      | 4972 ||| IDENTIFYING blue potion
  4973 | D:5      | 4973 ||| READING 2 scrolls of identify.
  4973 | D:5      | 4973 ||| IDENTIFYING black potion
  4974 | D:5      | 4974 ||| DROPPING potion of degeneration.
  5024 | D:6      | Found a shimmering blue altar of Sif Muna.
  5026 | D:6      | 5026 ||| Stepping ~*~*~tactically~*~*~ (stealth).
  5027 | D:6      | 5027 ||| Stepping ~*~*~tactically~*~*~ (stealth).
  5028 | D:6      | 5028 ||| Stepping ~*~*~tactically~*~*~ (stealth).
  5059 | D:6      | Found a glowing golden altar of the Shining One.
  5062 | D:6      | Found a sparkling altar of Nemelex Xobeh.
  5062 | D:6      | Found a snail-covered altar of Cheibriados.
  5065 | D:6      | 5065 ||| Stepping ~*~*~tactically~*~*~ (hiding).
  5082 | D:6      | 5082 ||| Stepping ~*~*~tactically~*~*~ (stealth).
  5097 | D:6      | Reached skill level 6 in Fighting
  5111 | D:6      | Found an opulent altar of Gozag.
  5112 | D:6      | 5112 ||| SWAPPING to +0 war axe.
  5113 | D:6      | 5113 ||| DROPPING +0 hand axe.
  5141 | D:6      | 5141 ||| Stepping ~*~*~tactically~*~*~ (stealth).
  5178 | D:6      | 5178 ||| Stepping ~*~*~tactically~*~*~ (cloud).
  5179 | D:6      | 5179 ||| Stepping ~*~*~tactically~*~*~ (hiding).
  5183 | D:6      | 5183 ||| INVOKING Berserk.
  5301 | D:6      | 5301 ||| Stepping ~*~*~tactically~*~*~ (hiding).
  5328 | D:6      | 5328 ||| Stepping ~*~*~tactically~*~*~ (stealth).
  5338 | D:6      | 5338 ||| INVOKING Berserk.
  5426 | D:6      | 5426 ||| Stepping ~*~*~tactically~*~*~ (stealth).
  5531 | D:6      | Found Pyisov's Firing Range.
  5635 | D:6      | Noticed Menkaure
  5636 | D:6      | 5636 ||| Stepping ~*~*~tactically~*~*~ (hiding).
  5641 | D:6      | 5641 ||| INVOKING Berserk.
  5643 | D:6      | Killed Menkaure
  5776 | D:6      | 5776 ||| INVOKING Berserk.
  5778 | D:6      | Reached skill level 12 in Axes
  5962 | D:6      | Found Heypedum's Assorted Antiques.
  5970 | D:6      | Noticed Edmund
  5974 | D:6      | 5974 ||| INVOKING Berserk.
  5975 | D:6      | Killed Edmund
  6180 | D:6      | Reached skill level 6 in Armour
  6180 | D:6      | Reached XP level 9. HP: 75/75 MP: 8/8
  6224 | D:6      | 6224 ||| BUYING moonstone ring (130 gold).
  6224 | D:6      | Bought a moonstone ring for 130 gold pieces
  6224 | D:6      | 6224 ||| BUYING potion of mutation (208 gold).
  6224 | D:6      | Bought a potion of mutation for 208 gold pieces
  6224 | D:6      | 6224 ||| SHOPLISTING potion of mutation (208 gold, have
                  | 89).
  6224 | D:6      | 6224 ||| DROPPING ring of positive energy.
  6225 | D:6      | 6225 ||| UPGRADING to ring of poison resistance.
  6227 | D:6      | 6227 ||| UPGRADING to +4 ring of protection.
  6229 | D:6      | 6229 ||| READING scroll labelled VUYM UNEGEUGOPLOGH.
  6230 | D:6      | 6230 ||| READING 2 scrolls labelled POAZXY ZEFOM.
  6230 | D:6      | Identified 2 scrolls of acquirement
  6230 | D:6      | 6230 ||| ACQUIRING +14 obsidian axe {vorpal, Mesm Drain Fly
                  | SInv}
  6230 | D:6      | Acquired the +14 obsidian axe {vorpal, Mesm Drain Fly SInv}
  6230 | D:6      | Found the +14 obsidian axe {vorpal, Mesm Drain Fly SInv}
  6232 | D:6      | 6232 ||| SWAPPING to +14 obsidian axe {vorpal, Mesm Drain
                  | Fly SInv}.
  6233 | D:6      | 6233 ||| DROPPING +1 war axe.
  6234 | D:6      | 6234 ||| READING scroll of acquirement.
  6234 | D:6      | 6234 ||| ACQUIRING ring "Ulyewn" {EV+4 SInv}
  6234 | D:6      | Acquired the ring "Ulyewn" {EV+4 SInv}
  6236 | D:6      | 6236 ||| DROPPING +6 ring of dexterity.
  6237 | D:6      | 6237 ||| READING scroll labelled HOOTUM YDARI.
  6238 | D:6      | 6238 ||| DRINKING 2 coppery potions.
  6239 | D:6      | 6239 ||| DRINKING 2 golden potions.
  6240 | D:6      | 6240 ||| DROPPING potion of invisibility.
  6529 | D:7      | 6529 ||| Stepping ~*~*~tactically~*~*~ (hiding).
  6535 | D:7      | Reached skill level 7 in Fighting
  6998 | D:7      | 6998 ||| Stepping ~*~*~tactically~*~*~ (hiding).
  7101 | D:7      | Noticed Pikel
  7109 | D:7      | Killed Pikel
  7258 | D:7      | Reached **** piety under Trog
  7259 | D:7      | Reached skill level 8 in Fighting
  7278 | D:7      | Identified the +7 flail of the Shoals {drain, SInv}
  7442 | D:7      | 7442 ||| READING scroll labelled FITUQO YTULIS.
  7492 | D:8      | 7492 ||| Stepping ~*~*~tactically~*~*~ (hiding).
  7498 | D:8      | 7498 ||| INVOKING Berserk.
  7504 | D:8      | Reached skill level 3 in Throwing
  7636 | D:8      | Found a burning altar of Makhleb.
  7730 | D:8      | Identified the +0 pair of gloves of Freezing Liberty {Str+4
                  | Dex+4}
  7876 | D:8      | 7876 ||| Stepping ~*~*~tactically~*~*~ (hiding).
  7884 | D:8      | 7884 ||| INVOKING Berserk.
  8040 | D:8      | Noticed a two-headed ogre
  8046 | D:8      | Killed a two-headed ogre
  8047 | D:8      | Reached XP level 10. HP: 88/88 MP: 9/9
  8456 | D:8      | 8456 ||| UPGRADING to +2 plate armour of positive energy.
  8466 | D:8      | 8466 ||| DROPPING +0 plate armour.
  8467 | D:8      | 8467 ||| UPGRADING to +0 pair of gloves of Freezing Liberty
                  | {Str+4 Dex+4}.
  8477 | D:8      | 8477 ||| DROPPING +0 pair of gloves.
  8478 | D:8      | 8478 ||| DROPPING ring of protection from cold.
  8479 | D:8      | 8479 ||| DROPPING ring of ice.
  8480 | D:8      | 8480 ||| READING 3 scrolls of identify.
  8480 | D:8      | 8480 ||| IDENTIFYING inky potion
  8546 | D:9      | Found the +6 lightning scales {swift, rElec}
  8553 | D:9      | 8553 ||| Stepping ~*~*~tactically~*~*~ (hiding).
  8554 | D:9      | 8554 ||| Stepping ~*~*~tactically~*~*~ (hiding).
  8560 | D:9      | Reached skill level 3 in Dodging
  8562 | D:9      | 8562 ||| INVOKING Berserk.
  8585 | D:9      | 8585 ||| Stepping ~*~*~tactically~*~*~ (hiding).
  8587 | D:9      | 8587 ||| READING 6 scrolls of teleportation.
  8604 | D:9      | 8604 ||| READING 5 scrolls of teleportation.
  8608 | D:9      | Reached skill level 15 in Axes
  8617 | D:9      | 8617 ||| DRINKING 5 potions of curing.
  8617 | D:9      | 8617 ||| (to cure confusion)
  8625 | D:9      | 8625 ||| DRINKING 4 potions of curing.
  8625 | D:9      | 8625 ||| (to cure confusion)
  8677 | D:9      | 8677 ||| Stepping ~*~*~tactically~*~*~ (stealth).
  8957 | D:9      | Reached skill level 9 in Fighting
  9152 | D:9      | Found a basalt altar of Yredelemnul.
  9314 | D:9      | You are sucked into a shaft and drop 1 floor!
  9314 | D:10     | Entered Level 10 of the Dungeon
  9384 | D:10     | 9384 ||| DROPPING +6 ring of strength.
  9385 | D:10     | 9385 ||| READING scroll labelled SOGOHY NIZUH.
  9410 | D:9      | 9410 ||| Stepping ~*~*~tactically~*~*~ (stealth).
  9414 | D:9      | 9414 ||| Stepping ~*~*~tactically~*~*~ (stealth).
  9514 | D:9      | 9514 ||| READING 4 scrolls of identify.
  9514 | D:9      | 9514 ||| IDENTIFYING glowing cyan potion
  9515 | D:9      | 9515 ||| DROPPING potion of lignification.
  9528 | D:8      | 9528 ||| READING 4 scrolls of teleportation.
  9639 | D:10     | 9639 ||| Stepping ~*~*~tactically~*~*~ (hiding).
  9640 | D:10     | 9640 ||| Stepping ~*~*~tactically~*~*~ (hiding).
  9642 | D:10     | 9642 ||| Stepping ~*~*~tactically~*~*~ (hiding).
  9962 | D:10     | 9962 ||| Stepping ~*~*~tactically~*~*~ (hiding).
 10005 | D:10     | Reached XP level 11. HP: 97/97 MP: 10/10
 10198 | D:10     | Reached ***** piety under Trog
 10240 | D:10     | Identified the +3 long sword "Tiytoy" {elec, Contam rPois
                  | rN+ Str+6}
 10281 | D:10     | Found a staircase to the Lair.
 10556 | D:10     | 10556 ||| PLANNING LAIR
 10605 | Lair:1   | Entered Level 1 of the Lair of Beasts
 10615 | Lair:1   | 10615 ||| READING 3 scrolls of teleportation.
 10621 | Lair:1   | 10621 ||| INVOKING Brothers in Arms.
 10633 | Lair:1   | 10633 ||| INVOKING Berserk.
 10767 | Lair:1   | 10767 ||| READING 2 scrolls of teleportation.
 10804 | Lair:1   | 10804 ||| Stepping ~*~*~tactically~*~*~ (stealth).
 10823 | Lair:1   | 10823 ||| Stepping ~*~*~tactically~*~*~ (stealth).
 10848 | Lair:1   | Reached skill level 10 in Fighting
 10876 | Lair:1   | 10876 ||| INVOKING Brothers in Arms.
 10877 | Lair:1   | 10877 ||| INVOKING Brothers in Arms.
 10928 | Lair:1   | Reached skill level 9 in Armour
 11102 | Lair:1   | 11102 ||| Stepping ~*~*~tactically~*~*~ (stealth).
 11137 | Lair:1   | Noticed Grum
 11138 | Lair:1   | 11138 ||| INVOKING Brothers in Arms.
 11144 | Lair:1   | Killed Grum
 11145 | Lair:1   | Reached skill level 18 in Axes
 11327 | Lair:1   | Found a runed translucent gate.
 11335 | Lair:1   | Found a runed translucent gate.
 11335 | Lair:1   | Found a runed translucent gate.
 11346 | Lair:1   | Noticed qw's ghost (novice TrCA)
 11429 | Lair:1   | 11429 ||| INVOKING Brothers in Arms.
 11708 | Lair:1   | 11708 ||| READING scroll of teleportation.
 11990 | Lair:2   | Reached skill level 11 in Fighting
 11990 | Lair:2   | Reached XP level 12. HP: 110/110 MP: 11/11
 12002 | Lair:2   | 12002 ||| FLEEEEING.
 12006 | Lair:2   | 12006 ||| FLEEEEING.
 12011 | Lair:2   | 12011 ||| FLEEEEING.
 12013 | Lair:2   | 12013 ||| FLEEEEING.
 12014 | Lair:2   | 12014 ||| FLEEEEING.
 12250 | Lair:2   | 12250 ||| Stepping ~*~*~tactically~*~*~ (hiding).
 12266 | Lair:2   | Reached skill level 12 in Fighting
 12367 | Lair:2   | Reached skill level 6 in Dodging
 12442 | Lair:2   | Found a hole to the Spider Nest.
 12455 | Lair:2   | Noticed a five-headed hydra
 12462 | Lair:2   | 12462 ||| INVOKING Brothers in Arms.
 12468 | Lair:2   | Killed an eight-headed hydra
 12759 | Lair:2   | Noticed Sonja
 12774 | Lair:2   | Killed Sonja
 12947 | Lair:2   | 12947 ||| READING scroll labelled KIETZO YFOLL.
 13081 | Lair:3   | Reached skill level 13 in Fighting
 13095 | Lair:3   | 13095 ||| FLEEEEING.
 13096 | Lair:3   | 13096 ||| FLEEEEING.
 13100 | Lair:3   | 13100 ||| STAIRDANCE
 13342 | Lair:3   | 13342 ||| FLEEEEING.
 13345 | Lair:3   | 13345 ||| INVOKING Brothers in Arms.
 13364 | Lair:3   | 13364 ||| INVOKING Berserk.
 13368 | Lair:3   | Reached skill level 12 in Armour
 13488 | Lair:3   | Found a staircase to the Swamp.
 13490 | Lair:3   | Reached XP level 13. HP: 110/122 MP: 12/12
 14016 | Lair:3   | 14016 ||| READING scroll labelled PUEROU WATAIR.
 14017 | Lair:3   | 14017 ||| READING 7 scrolls of identify.
 14017 | Lair:3   | 14017 ||| IDENTIFYING brown potion
 14018 | Lair:3   | 14018 ||| READING 6 scrolls of identify.
 14018 | Lair:3   | 14018 ||| IDENTIFYING cyan potion
 14019 | Lair:3   | 14019 ||| DROPPING potion of flight.
 14020 | Lair:3   | 14020 ||| DROPPING potion of ambrosia.
 14042 | Lair:4   | 14042 ||| INVOKING Berserk.
 14045 | Lair:4   | Reached skill level 14 in Fighting
 14260 | Lair:4   | 14260 ||| Stepping ~*~*~tactically~*~*~ (stealth).
 14267 | Lair:4   | 14267 ||| INVOKING Brothers in Arms.
 14309 | Lair:4   | 14309 ||| FLEEEEING.
 14461 | Lair:4   | 14461 ||| Stepping ~*~*~tactically~*~*~ (stealth).
 14463 | Lair:4   | 14463 ||| INVOKING Brothers in Arms.
 14583 | Lair:4   | Reached skill level 15 in Fighting
 14584 | Lair:4   | Found a viscous altar of Jiyva.
 14598 | Lair:4   | Found a staircase to the Slime Pits.
 14599 | Lair:4   | 14599 ||| Stepping ~*~*~tactically~*~*~ (stealth).
 14771 | Lair:4   | 14771 ||| Stepping ~*~*~tactically~*~*~ (stealth).
 14834 | Lair:4   | 14834 ||| FLEEEEING.
 14835 | Lair:4   | 14835 ||| INVOKING Brothers in Arms.
 14836 | Lair:4   | 14836 ||| INVOKING Brothers in Arms.
 14840 | Lair:4   | 14840 ||| INVOKING Berserk.
 15005 | Lair:4   | Identified the +0 leather armour of Mirth {rN++ Regen+
                  | rCorr Int-2 Stlth+}
 15247 | Lair:5   | Entered Level 5 of the Lair of Beasts
 15260 | Lair:5   | 15260 ||| STAIRDANCE
 15295 | Lair:5   | 15295 ||| FLEEEEING.
 15299 | Lair:5   | Reached skill level 16 in Fighting
 15301 | Lair:5   | 15301 ||| STAIRDANCE
 15377 | Lair:5   | 15377 ||| INVOKING Brothers in Arms.
 15383 | Lair:5   | 15383 ||| FLEEEEING.
 15384 | Lair:5   | 15384 ||| FLEEEEING.
 15385 | Lair:5   | 15385 ||| FLEEEEING.
 15386 | Lair:5   | 15386 ||| STAIRDANCE
 15465 | Lair:5   | 15465 ||| INVOKING Brothers in Arms.
 15466 | Lair:5   | 15466 ||| INVOKING Brothers in Arms.
 15467 | Lair:5   | 15467 ||| INVOKING Brothers in Arms.
 15610 | Lair:5   | 15610 ||| INVOKING Berserk.
 15696 | Lair:5   | Noticed Urug
 15705 | Lair:5   | Killed Urug
 15728 | Lair:5   | Reached XP level 14. HP: 118/137 MP: 13/13
 15853 | Lair:5   | 15853 ||| INVOKING Brothers in Arms.
 16088 | Lair:5   | 16088 ||| Stepping ~*~*~tactically~*~*~ (stealth).
 16121 | Lair:5   | 16121 ||| Stepping ~*~*~tactically~*~*~ (hiding).
 16138 | Lair:5   | 16138 ||| Stepping ~*~*~tactically~*~*~ (hiding).
 16161 | Lair:5   | 16161 ||| Stepping ~*~*~tactically~*~*~ (stealth).
 16163 | Lair:5   | Reached skill level 9 in Dodging
 16201 | Lair:5   | Reached skill level 6 in Throwing
 16247 | Lair:5   | 16247 ||| Stepping ~*~*~tactically~*~*~ (stealth).
 16391 | Lair:5   | 16391 ||| FLEEEEING.
 16393 | Lair:5   | 16393 ||| FLEEEEING.
 16395 | Lair:5   | 16395 ||| FLEEEEING.
 16397 | Lair:5   | 16397 ||| FLEEEEING.
 16398 | Lair:5   | 16398 ||| FLEEEEING.
 16400 | Lair:5   | 16400 ||| Stepping ~*~*~tactically~*~*~ (hiding).
 16402 | Lair:5   | 16402 ||| Stepping ~*~*~tactically~*~*~ (hiding).
 16403 | Lair:5   | 16403 ||| FLEEEEING.
 16575 | Lair:5   | 16575 ||| Stepping ~*~*~tactically~*~*~ (stealth).
 16577 | Lair:5   | 16577 ||| Stepping ~*~*~tactically~*~*~ (stealth).
 16587 | Lair:5   | 16587 ||| INVOKING Brothers in Arms.
 16594 | Lair:5   | 16594 ||| INVOKING Berserk.
 16726 | Lair:5   | Found a corrupted altar of Lugonu.
 16726 | Lair:5   | Found a one-way gate to the infinite horrors of the Abyss.
 16848 | Lair:5   | 16848 ||| PLANNING D:1-11
 16848 | Lair:5   | 16848 ||| READING 6 scrolls of identify.
 16848 | Lair:5   | 16848 ||| IDENTIFYING yellow potion
 16849 | Lair:5   | 16849 ||| READING 5 scrolls of identify.
 16849 | Lair:5   | 16849 ||| IDENTIFYING fuming cyan potion
 16850 | Lair:5   | 16850 ||| DROPPING potion of magic.
 16994 | D:11     | 16994 ||| Stepping ~*~*~tactically~*~*~ (stealth).
 17285 | D:11     | Found a runed translucent door.
 17409 | D:11     | 17409 ||| Stepping ~*~*~tactically~*~*~ (stealth).
 17411 | D:11     | 17411 ||| Stepping ~*~*~tactically~*~*~ (hiding).
 17413 | D:11     | 17413 ||| INVOKING Trog's Hand.
 17415 | D:11     | Reached skill level 17 in Fighting
 17829 | D:11     | Noticed qw's ghost (journeyman MiFi)
 18013 | D:11     | 18013 ||| PLANNING D
 18125 | D:12     | 18125 ||| Stepping ~*~*~tactically~*~*~ (stealth).
 18205 | D:12     | Found a staircase to the Orcish Mines.
 18367 | D:12     | 18367 ||| Stepping ~*~*~tactically~*~*~ (hiding).
 18724 | D:12     | Found a portal to a secret trove of treasure.
 18750 | D:12     | 18750 ||| Stepping ~*~*~tactically~*~*~ (stealth).
 18879 | D:12     | 18879 ||| INVOKING Brothers in Arms.
 18882 | D:12     | Reached skill level 15 in Armour
 18978 | D:12     | 18978 ||| UPGRADING to amulet of guardian spirit.
 18983 | D:12     | 18983 ||| DROPPING ring of magical power.
 19192 | D:13     | 19192 ||| INVOKING Brothers in Arms.
 19436 | D:13     | Found a runed translucent door.
 19437 | D:13     | Found a runed translucent door.
 19448 | D:13     | 19448 ||| INVOKING Brothers in Arms.
 19650 | D:13     | 19650 ||| Stepping ~*~*~tactically~*~*~ (hiding).
 20127 | D:13     | Found a runed translucent door.
 20130 | D:13     | 20130 ||| DROPPING ring of willpower.
 20131 | D:13     | 20131 ||| READING scroll labelled QOOPRE QAOSTO.
 20316 | D:14     | Noticed Josephine
 20326 | D:14     | Killed Josephine
 20338 | D:14     | 20338 ||| FLEEEEING.
 20342 | D:14     | 20342 ||| FLEEEEING.
 20489 | D:14     | 20489 ||| INVOKING Brothers in Arms.
 20508 | D:14     | Reached skill level 18 in Fighting
 20509 | D:14     | Reached XP level 15. HP: 85/149 MP: 8/14
 20753 | D:14     | Noticed Jorgrun
 20754 | D:14     | 20754 ||| INVOKING Brothers in Arms.
 20756 | D:14     | 20756 ||| DRINKING potion of cancellation.
 20764 | D:14     | Killed Jorgrun
 20768 | D:14     | 20768 ||| INVOKING Trog's Hand.
 20775 | D:14     | 20775 ||| INVOKING Brothers in Arms.
 21070 | D:14     | 21070 ||| Stepping ~*~*~tactically~*~*~ (stealth).
 21083 | D:14     | 21083 ||| FLEEEEING.
 21085 | D:14     | 21085 ||| FLEEEEING.
 21087 | D:14     | 21087 ||| FLEEEEING.
 21277 | D:14     | Found a gate to the Vaults.
 21334 | D:15     | Entered Level 15 of the Dungeon
 21368 | D:15     | 21368 ||| FLEEEEING.
 21372 | D:15     | 21372 ||| STAIRDANCE
 21446 | D:15     | Found a runed translucent door.
 21484 | D:15     | 21484 ||| Stepping ~*~*~tactically~*~*~ (stealth).
 21485 | D:15     | 21485 ||| Stepping ~*~*~tactically~*~*~ (stealth).
 21488 | D:15     | 21488 ||| Stepping ~*~*~tactically~*~*~ (stealth).
 21489 | D:15     | 21489 ||| INVOKING Brothers in Arms.
 21490 | D:15     | 21490 ||| INVOKING Brothers in Arms.
 21491 | D:15     | 21491 ||| INVOKING Brothers in Arms.
 21613 | D:15     | 21613 ||| Stepping ~*~*~tactically~*~*~ (hiding).
 21763 | D:15     | Found Gozag's Platinum Reserve.
 21765 | D:15     | Found an opulent altar of Gozag.
 21770 | D:15     | 21770 ||| SHOPLISTING +8 ring mail "Guutt" {Harm rF+ Str+4}
                  | (6640 gold, have 1034).
 22017 | D:15     | Noticed qw's ghost (journeyman MiBe)
 22166 | D:15     | 22166 ||| INVOKING Trog's Hand.
 22180 | D:15     | Reached skill level 9 in Throwing
 22272 | D:15     | 22272 ||| Stepping ~*~*~tactically~*~*~ (stealth).
 22286 | D:15     | 22286 ||| FLEEEEING.
 22297 | D:15     | 22297 ||| Stepping ~*~*~tactically~*~*~ (hiding).
 22396 | D:15     | Found a staircase to the Depths.
 22481 | D:15     | 22481 ||| READING 3 scrolls of teleportation.
 22482 | D:15     | 22482 ||| PLANNING ORC
 22617 | Orc:1    | Entered Level 1 of the Orcish Mines
 22690 | Orc:1    | 22690 ||| Stepping ~*~*~tactically~*~*~ (stealth).
 22695 | Orc:1    | 22695 ||| INVOKING Trog's Hand.
 22733 | Orc:1    | Found Hadexere's Armour Boutique.
 22755 | Orc:1    | 22755 ||| READING 2 scrolls of teleportation.
 22770 | Orc:1    | 22770 ||| BUYING +1 pair of boots of stealth (247 gold).
 22770 | Orc:1    | Bought a +1 pair of boots of stealth for 247 gold pieces
 22825 | Orc:1    | 22825 ||| Stepping ~*~*~tactically~*~*~ (stealth).
 22933 | Orc:1    | 22933 ||| UPGRADING to +1 pair of boots of stealth.
 22968 | Orc:2    | Entered Level 2 of the Orcish Mines
 22969 | Orc:2    | Found a staircase to the Elven Halls.
 23023 | Orc:2    | 23023 ||| Stepping ~*~*~tactically~*~*~ (hiding).
 23024 | Orc:2    | 23024 ||| Stepping ~*~*~tactically~*~*~ (hiding).
 23088 | Orc:2    | Found Qeis Tev's Antique Weapon Boutique.
 23142 | Orc:2    | Received a gift from Trog
 23212 | Orc:2    | 23212 ||| Stepping ~*~*~tactically~*~*~ (hiding).
 23230 | Orc:2    | 23230 ||| INVOKING Brothers in Arms.
 23231 | Orc:2    | 23231 ||| INVOKING Brothers in Arms.
 23235 | Orc:2    | Noticed an orc warlord
 23244 | Orc:2    | 23244 ||| INVOKING Berserk.
 23246 | Orc:2    | Killed an orc warlord
 23264 | Orc:2    | Found Daudd's Jewellery Boutique.
 23270 | Orc:2    | 23270 ||| INVOKING Brothers in Arms.
 23568 | Orc:2    | Found Icusadum's Antique Weapon Boutique.
 23584 | Orc:2    | 23584 ||| BUYING amulet "Micyol" {Acrobat Rampage *Corrode
                  | Regen+ Dex+3} (603 gold).
 23584 | Orc:2    | Bought the amulet "Micyol" {Acrobat Rampage *Corrode Regen+
                  | Dex+3} for 603 gold pieces
 23584 | Orc:2    | 23584 ||| BUYING amulet of regeneration (480 gold).
 23584 | Orc:2    | Bought an amulet of regeneration for 480 gold pieces
 23584 | Orc:2    | 23584 ||| SHOPLISTING ring "Synwasoi" {EV+4 Str+6 Int+3}
                  | (990 gold, have 116).
 23643 | Orc:2    | 23643 ||| BUYING runed morningstar (175 gold).
 23643 | Orc:2    | Bought a runed morningstar for 175 gold pieces
 23643 | Orc:2    | 23643 ||| SHOPLISTING smoking morningstar (225 gold, have
                  | 3).
 23643 | Orc:2    | 23643 ||| DROPPING +7 flail of the Shoals {drain, SInv}.
 23644 | Orc:2    | 23644 ||| DROPPING +0 morningstar.
 23838 | Orc:2    | 23838 ||| Stepping ~*~*~tactically~*~*~ (stealth).
 23881 | Orc:2    | Found Bamafod's Antique Armour Boutique.
 23888 | Orc:2    | 23888 ||| SHOPLISTING pair of warped boots (247 gold, have
                  | 222).
 23888 | Orc:2    | 23888 ||| BUYING shiny buckler (195 gold).
 23888 | Orc:2    | Bought a shiny buckler for 195 gold pieces
 23897 | Orc:2    | Found Ofu Reta's General Store.
 23904 | Orc:2    | 23904 ||| SHOPLISTING ring of fire (425 gold, have 27).
 23904 | Orc:2    | 23904 ||| SHOPLISTING scroll of identify (34 gold, have
                  | 27).
 24088 | Orc:2    | 24088 ||| UPGRADING to +2 buckler of cold resistance.
 24093 | Orc:2    | 24093 ||| UPGRADING to amulet "Micyol" {Acrobat Rampage
                  | *Corrode Regen+ Dex+3}.
 24103 | Orc:2    | 24103 ||| DROPPING amulet of guardian spirit.
 24176 | Orc:1    | Reached skill level 1 in Shields
 24176 | Orc:1    | Gained mutation: You have hidden genetic defects. [a
                  | neqoxec]
 24178 | Orc:1    | 24178 ||| INVOKING Trog's Hand.
 24179 | Orc:1    | 24179 ||| INVOKING Brothers in Arms.
 24182 | Orc:1    | 24182 ||| INVOKING Berserk.
 24370 | Orc:1    | 24370 ||| UPGRADING to +3 plate armour.
 24380 | Orc:1    | 24380 ||| DROPPING +2 plate armour of positive energy.
 24381 | Orc:1    | 24381 ||| DROPPING +0 plate armour of cold resistance.
 24408 | Orc:1    | Found a runed translucent door.
 24442 | Orc:1    | Noticed Nergalle
 24488 | Orc:1    | 24488 ||| READING scroll of teleportation.
 24489 | Orc:1    | 24489 ||| PLANNING SWAMP:1-3
 24698 | Swamp:1  | Entered Level 1 of the Swamp
 24712 | Swamp:1  | 24712 ||| INVOKING Brothers in Arms.
 24713 | Swamp:1  | 24713 ||| INVOKING Brothers in Arms.
 24717 | Swamp:1  | Reached skill level 3 in Shields
 24730 | Swamp:1  | 24730 ||| Stepping ~*~*~tactically~*~*~ (hiding).
 24732 | Swamp:1  | 24732 ||| Stepping ~*~*~tactically~*~*~ (hiding).
 24751 | Swamp:1  | 24751 ||| INVOKING Brothers in Arms.
 24754 | Swamp:1  | 24754 ||| SWAPPING to +3 morningstar of protection.
 24755 | Swamp:1  | 24755 ||| INVOKING Berserk.
 24762 | Swamp:1  | 24762 ||| SWAPPING to +14 obsidian axe {vorpal, Mesm Drain
                  | Fly SInv}.
 24889 | Swamp:1  | 24889 ||| SWAPPING to +3 morningstar of protection.
 24890 | Swamp:1  | 24890 ||| Stepping ~*~*~tactically~*~*~ (water).
 24891 | Swamp:1  | 24891 ||| INVOKING Berserk.
 24934 | Swamp:1  | 24934 ||| SWAPPING to +14 obsidian axe {vorpal, Mesm Drain
                  | Fly SInv}.
 24957 | Swamp:1  | Reached skill level 6 in Shields
 25101 | Swamp:1  | Gained mutation: Your spells are a little easier to cast,
                  | but a little less powerful. [hidden defects]
 25106 | Swamp:1  | 25106 ||| Stepping ~*~*~tactically~*~*~ (hiding).
 25107 | Swamp:1  | 25107 ||| Stepping ~*~*~tactically~*~*~ (hiding).
 25114 | Swamp:1  | 25114 ||| INVOKING Brothers in Arms.
 25387 | Swamp:2  | Reached XP level 16. HP: 123/130 MP: 15/15
 25465 | Swamp:2  | 25465 ||| Stepping ~*~*~tactically~*~*~ (stealth).
 25466 | Swamp:2  | 25466 ||| Stepping ~*~*~tactically~*~*~ (stealth).
 25525 | Swamp:2  | 25525 ||| READING scroll of teleportation.
 25556 | Swamp:2  | Noticed Frances
 25562 | Swamp:2  | Killed Frances
 25563 | Swamp:2  | 25563 ||| Stepping ~*~*~tactically~*~*~ (hiding).
 25577 | Swamp:2  | Reached skill level 9 in Shields
 25608 | Swamp:2  | 25608 ||| Stepping ~*~*~tactically~*~*~ (hiding).
 25609 | Swamp:2  | 25609 ||| Stepping ~*~*~tactically~*~*~ (hiding).
 25614 | Swamp:2  | 25614 ||| INVOKING Brothers in Arms.
 25615 | Swamp:2  | 25615 ||| INVOKING Brothers in Arms.
 25811 | Swamp:2  | Found a frozen archway.
 25812 | Swamp:2  | 25812 ||| Stepping ~*~*~tactically~*~*~ (hiding).
 25814 | Swamp:2  | 25814 ||| INVOKING Berserk.
 25822 | Swamp:2  | Gained mutation: Your spells are easier to cast, but less
                  | powerful. [hidden defects]
 25822 | Swamp:2  | Lost mutation: You have hidden genetic defects. [hidden
                  | defects expressed]
 26080 | Swamp:2  | 26080 ||| UPGRADING to amulet of reflection.
 26090 | Swamp:2  | 26090 ||| DROPPING amulet "Micyol" {Acrobat Rampage
                  | *Corrode Regen+ Dex+3}.
 26091 | Swamp:2  | 26091 ||| DROPPING amulet of regeneration.
 26196 | Swamp:3  | 26196 ||| FLEEEEING.
 26197 | Swamp:3  | 26197 ||| FLEEEEING.
 26272 | Swamp:3  | 26272 ||| Stepping ~*~*~tactically~*~*~ (hiding).
 26275 | Swamp:3  | 26275 ||| Stepping ~*~*~tactically~*~*~ (hiding).
 26319 | Swamp:3  | 26319 ||| Stepping ~*~*~tactically~*~*~ (cloud).
 26530 | Swamp:3  | 26530 ||| INVOKING Brothers in Arms.
 26531 | Swamp:3  | 26531 ||| INVOKING Brothers in Arms.
 26715 | Swamp:3  | Noticed Nikola
 26724 | Swamp:3  | Killed Nikola
 27138 | Swamp:3  | 27138 ||| INVOKING Brothers in Arms.
 27498 | Swamp:3  | Noticed Roxanne
 27522 | Swamp:3  | Killed Roxanne
 27523 | Swamp:3  | Reached skill level 19 in Fighting
 27823 | Swamp:3  | 27823 ||| PLANNING SPIDER:1-3
 27924 | Spider:1 | Entered Level 1 of the Spider Nest
 27927 | Spider:1 | 27927 ||| Stepping ~*~*~tactically~*~*~ (hiding).
 28082 | Spider:1 | 28082 ||| Stepping ~*~*~tactically~*~*~ (stealth).
 28791 | Spider:1 | 28791 ||| DROPPING +1 pair of boots.
 28841 | Spider:2 | 28841 ||| Stepping ~*~*~tactically~*~*~ (stealth).
 28845 | Spider:2 | 28845 ||| INVOKING Brothers in Arms.
 29165 | Spider:2 | 29165 ||| READING scroll of enchant armour.
 29165 | Spider:2 | 29165 ||| ENCHANTING +1 pair of boots of stealth.
 29302 | Spider:2 | Reached skill level 18 in Armour
 29434 | Spider:2 | 29434 ||| FLEEEEING.
 29439 | Spider:2 | 29439 ||| STAIRDANCE
 29552 | Spider:2 | 29552 ||| Stepping ~*~*~tactically~*~*~ (stealth).
 29560 | Spider:2 | 29560 ||| FLEEEEING.
 29562 | Spider:2 | 29562 ||| FLEEEEING.
 29872 | Spider:2 | 29872 ||| Stepping ~*~*~tactically~*~*~ (stealth).
 29876 | Spider:2 | 29876 ||| INVOKING Brothers in Arms.
 29946 | Spider:2 | Noticed Kirke
 29947 | Spider:2 | 29947 ||| INVOKING Trog's Hand.
 29948 | Spider:2 | 29948 ||| INVOKING Brothers in Arms.
 29955 | Spider:2 | Killed Kirke
 29991 | Spider:2 | 29991 ||| READING 3 scrolls of teleportation.
 30441 | Spider:3 | 30441 ||| Stepping ~*~*~tactically~*~*~ (stealth).
 30448 | Spider:3 | 30448 ||| INVOKING Brothers in Arms.
 30598 | Spider:3 | Reached skill level 12 in Shields
 30600 | Spider:3 | 30600 ||| Stepping ~*~*~tactically~*~*~ (stealth).
 30703 | Spider:3 | 30703 ||| INVOKING Brothers in Arms.
 30823 | Spider:3 | 30823 ||| Stepping ~*~*~tactically~*~*~ (stealth).
 30880 | Spider:3 | 30880 ||| INVOKING Brothers in Arms.
 30910 | Spider:3 | 30910 ||| INVOKING Berserk.
 30913 | Spider:3 | Reached XP level 17. HP: 85/170 MP: 16/16
 30941 | Spider:3 | 30941 ||| FLEEEEING.
 30946 | Spider:3 | 30946 ||| FLEEEEING.
 30949 | Spider:3 | 30949 ||| FLEEEEING.
 30953 | Spider:3 | 30953 ||| STAIRDANCE
 31232 | Spider:2 | 31232 ||| DROPPING +2 pair of boots.
 31266 | Spider:3 | Reached skill level 20 in Fighting
 31440 | Spider:3 | 31440 ||| INVOKING Brothers in Arms.
 31491 | Spider:3 | 31491 ||| Stepping ~*~*~tactically~*~*~ (stealth).
 31553 | Spider:3 | 31553 ||| Stepping ~*~*~tactically~*~*~ (stealth).
 31802 | Spider:3 | 31802 ||| Stepping ~*~*~tactically~*~*~ (stealth).
 31872 | Spider:3 | Found a large runed translucent door.
 31872 | Spider:3 | Found a large runed translucent door.
 31878 | Spider:3 | Noticed qw's ghost (adept MiBe)
 32160 | Spider:3 | 32160 ||| READING 3 scrolls of teleportation.
 32161 | Spider:3 | 32161 ||| PLANNING SWAMP:4
 32393 | Swamp:4  | Entered Level 4 of the Swamp
 32481 | Swamp:4  | 32481 ||| INVOKING Brothers in Arms.
 32631 | Swamp:4  | Noticed Louise
 32632 | Swamp:4  | 32632 ||| INVOKING Trog's Hand.
 32645 | Swamp:4  | Killed Louise
 32655 | Swamp:4  | Gained mutation: You are clumsy. (Dex -2) [a neqoxec]
 32664 | Swamp:4  | 32664 ||| FLEEEEING.
 32822 | Swamp:4  | 32822 ||| Stepping ~*~*~tactically~*~*~ (hiding).
 32823 | Swamp:4  | 32823 ||| Stepping ~*~*~tactically~*~*~ (hiding).
 32960 | Swamp:4  | 32960 ||| INVOKING Brothers in Arms.
 32961 | Swamp:4  | 32961 ||| INVOKING Brothers in Arms.
 32972 | Swamp:4  | 32972 ||| SWAPPING to +3 morningstar of protection.
 32973 | Swamp:4  | 32973 ||| Stepping ~*~*~tactically~*~*~ (water).
 32974 | Swamp:4  | 32974 ||| INVOKING Berserk.
 33090 | Swamp:4  | 33090 ||| FLEEEEING.
 33091 | Swamp:4  | 33091 ||| SWAPPING to +14 obsidian axe {vorpal, Mesm Drain
                  | Fly SInv}.
 33096 | Swamp:4  | 33096 ||| FLEEEEING.
 33340 | Swamp:4  | 33340 ||| Stepping ~*~*~tactically~*~*~ (hiding).
 33341 | Swamp:4  | 33341 ||| Stepping ~*~*~tactically~*~*~ (hiding).
 33436 | Swamp:4  | 33436 ||| INVOKING Brothers in Arms.
 33445 | Swamp:4  | 33445 ||| SWAPPING to +3 morningstar of protection.
 33446 | Swamp:4  | 33446 ||| INVOKING Berserk.
 33499 | Swamp:4  | 33499 ||| SWAPPING to +14 obsidian axe {vorpal, Mesm Drain
                  | Fly SInv}.
 33520 | Swamp:4  | 33520 ||| INVOKING Brothers in Arms.
 33522 | Swamp:4  | Reached skill level 21 in Fighting
 33670 | Swamp:4  | 33670 ||| Stepping ~*~*~tactically~*~*~ (stealth).
 33672 | Swamp:4  | 33672 ||| Stepping ~*~*~tactically~*~*~ (stealth).
 33858 | Swamp:4  | Got a decaying rune of Zot
 33941 | Swamp:4  | 33941 ||| PLANNING VAULTS:1-4
 33941 | Swamp:4  | 33941 ||| UPGRADING to +0 tower shield.
 33951 | Swamp:4  | 33951 ||| DROPPING +2 buckler of cold resistance.
 33952 | Swamp:4  | 33952 ||| READING scroll labelled YXZOLA XAEPT.
 34232 | Vaults:1 | Entered Level 1 of the Vaults
 34234 | Vaults:1 | 34234 ||| Stepping ~*~*~tactically~*~*~ (hiding).
 34236 | Vaults:1 | 34236 ||| INVOKING Trog's Hand.
 34267 | Vaults:1 | 34267 ||| INVOKING Trog's Hand.
 34415 | Vaults:1 | 34415 ||| INVOKING Brothers in Arms.
 34415 | Vaults:1 | HP: 21/173 [orc knight/+0 dire flail (31)]
 34416 | Vaults:1 | 34416 ||| READING 3 scrolls of teleportation.
 34417 | Vaults:1 | 34417 ||| DRINKING 6 potions of heal wounds.
 34418 | Vaults:1 | 34418 ||| DRINKING 5 potions of heal wounds.
 34419 | Vaults:1 | 34419 ||| DRINKING 4 potions of heal wounds.
 34463 | Vaults:1 | 34463 ||| INVOKING Brothers in Arms.
 34920 | Vaults:1 | Reached XP level 18. HP: 115/182 MP: 17/17
 34925 | Vaults:1 | 34925 ||| INVOKING Brothers in Arms.
 34926 | Vaults:1 | 34926 ||| INVOKING Brothers in Arms.
 34933 | Vaults:1 | Reached skill level 15 in Shields
 35156 | Vaults:1 | 35156 ||| DROPPING +3 morningstar of protection.
 35159 | Vaults:1 | 35159 ||| Stepping ~*~*~tactically~*~*~ (stealth).
 35160 | Vaults:1 | 35160 ||| INVOKING Brothers in Arms.
 35195 | Vaults:1 | 35195 ||| Stepping ~*~*~tactically~*~*~ (stealth).
 35205 | Vaults:1 | 35205 ||| INVOKING Trog's Hand.
 35245 | Vaults:1 | 35245 ||| Stepping ~*~*~tactically~*~*~ (stealth).
 35272 | Vaults:1 | 35272 ||| DRINKING potion of resistance.
 35274 | Vaults:1 | 35274 ||| INVOKING Brothers in Arms.
 35278 | Vaults:1 | 35278 ||| INVOKING Berserk.
 35468 | Vaults:1 | 35468 ||| Stepping ~*~*~tactically~*~*~ (stealth).
 35819 | Vaults:1 | 35819 ||| DRINKING 13 potions of curing.
 35819 | Vaults:1 | 35819 ||| (to cure confusion)
 35850 | Vaults:1 | 35850 ||| INVOKING Brothers in Arms.
 35851 | Vaults:1 | 35851 ||| INVOKING Brothers in Arms.
 36309 | Vaults:2 | 36309 ||| PLANNING DESOLATION
 36311 | Vaults:2 | 36311 ||| INVOKING Trog's Hand.
 36319 | Vaults:2 | 36319 ||| STAIRDANCE
 36347 | Vaults:2 | Identified the +9 plate armour "Itiekkoz" {rN+ Will+}
 36382 | Vaults:2 | 36382 ||| Stepping ~*~*~tactically~*~*~ (stealth).
 36383 | Vaults:2 | 36383 ||| Stepping ~*~*~tactically~*~*~ (stealth).
 36423 | Vaults:2 | 36423 ||| FLEEEEING.
 36428 | Vaults:2 | 36428 ||| Stepping ~*~*~tactically~*~*~ (hiding).
 36429 | Vaults:2 | 36429 ||| FLEEEEING.
 36717 | Vaults:2 | 36717 ||| Stepping ~*~*~tactically~*~*~ (cloud).
 36771 | Vaults:2 | 36771 ||| INVOKING Trog's Hand.
 36796 | Vaults:2 | Found a crumbling gateway.
 36797 | Vaults:2 | 36797 ||| UPGRADING to +9 plate armour "Itiekkoz" {rN+
                  | Will+}.
 36807 | Vaults:2 | 36807 ||| DROPPING +3 plate armour.
 36815 | Desolati | Entered the Desolation of Salt
 36934 | Desolati | Reached skill level 18 in Shields
 36939 | Desolati | 36939 ||| Stepping ~*~*~tactically~*~*~ (stealth).
 37200 | Desolati | 37200 ||| Stepping ~*~*~tactically~*~*~ (hiding).
 37272 | Desolati | Received a gift from Trog
 37377 | Desolati | 37377 ||| DROPPING +4 broad axe of flaming.
 37438 | Desolati | 37438 ||| Stepping ~*~*~tactically~*~*~ (hiding).
 37582 | Desolati | 37582 ||| INVOKING Brothers in Arms.
 37589 | Desolati | 37589 ||| INVOKING Berserk.
 37738 | Desolati | Identified the amulet "Wearos" {Spirit Harm rCorr Str+4
                  | Int+4}
 37741 | Desolati | Identified the +4 pair of gloves "Ubbiup" {Will+ Str+4
                  | Dex+4}
 37798 | Desolati | Identified the ring of Zigibuxuock {MP+9 Str+3}
 37808 | Desolati | Identified the ring of Wopautwe {Contam rPois rC+ Will+}
 37810 | Desolati | Identified the +3 ring mail of the Immovable Loafs {rC+}
 37851 | Desolati | 37851 ||| INVOKING Brothers in Arms.
 37855 | Desolati | 37855 ||| INVOKING Berserk.
 37981 | Desolati | Identified the +0 cloak of the Hanged Man {rPois rF- Regen+
                  | Int+5 SInv}
 38000 | Desolati | Reached XP level 19. HP: 189/189 MP: 18/18
 38070 | Desolati | 38070 ||| UPGRADING to +4 pair of gloves "Ubbiup" {Will+
                  | Str+4 Dex+4}.
 38080 | Desolati | 38080 ||| DROPPING +0 pair of gloves of Freezing Liberty
                  | {Str+4 Dex+4}.
 38081 | Desolati | 38081 ||| DROPPING ring of poison resistance.
 38082 | Desolati | 38082 ||| DROPPING ring of Zigibuxuock {MP+9 Str+3}.
 38083 | Desolati | 38083 ||| UPGRADING to ring of Wopautwe {Contam rPois rC+
                  | Will+}.
 38101 | Vaults:2 | 38101 ||| PLANNING VAULTS:1-4
 38106 | Vaults:2 | 38106 ||| INVOKING Trog's Hand.
 38207 | Vaults:2 | 38207 ||| Stepping ~*~*~tactically~*~*~ (hiding).
 38546 | Vaults:2 | 38546 ||| INVOKING Trog's Hand.
 38547 | Vaults:2 | 38547 ||| INVOKING Brothers in Arms.
 38548 | Vaults:2 | 38548 ||| INVOKING Brothers in Arms.
 38648 | Vaults:2 | Found Ygazeoss's Antique Armour Shoppe.
 38660 | Vaults:2 | 38660 ||| BUYING glowing cloak (247 gold).
 38660 | Vaults:2 | Bought a glowing cloak for 247 gold pieces
 38679 | Vaults:2 | 38679 ||| Stepping ~*~*~tactically~*~*~ (hiding).
 38728 | Vaults:2 | Reached skill level 21 in Shields
 38784 | Vaults:2 | 38784 ||| INVOKING Trog's Hand.
 38785 | Vaults:2 | 38785 ||| INVOKING Brothers in Arms.
 38803 | Vaults:2 | 38803 ||| INVOKING Trog's Hand.
 38815 | Vaults:2 | 38815 ||| INVOKING Brothers in Arms.
 38817 | Vaults:2 | 38817 ||| INVOKING Berserk.
 39178 | Vaults:2 | 39178 ||| DROPPING +2 cloak.
 39328 | Vaults:3 | 39328 ||| Stepping ~*~*~tactically~*~*~ (hiding).
 39330 | Vaults:3 | 39330 ||| Stepping ~*~*~tactically~*~*~ (hiding).
 39419 | Vaults:3 | 39419 ||| Stepping ~*~*~tactically~*~*~ (stealth).
 39555 | Vaults:3 | 39555 ||| INVOKING Brothers in Arms.
 39567 | Vaults:3 | 39567 ||| INVOKING Brothers in Arms.
 39568 | Vaults:3 | 39568 ||| INVOKING Brothers in Arms.
 39801 | Vaults:3 | Reached skill level 22 in Fighting
 39801 | Vaults:3 | 39801 ||| INVOKING Trog's Hand.
 40101 | Vaults:3 | 40101 ||| INVOKING Brothers in Arms.
 40112 | Vaults:3 | Noticed Zenata
 40118 | Vaults:3 | 40118 ||| INVOKING Brothers in Arms.
 40123 | Vaults:3 | Killed Zenata
 40273 | Vaults:3 | Reached skill level 12 in Dodging
 40508 | Vaults:3 | Found Wuseu's Weapon Emporium.
 40616 | Vaults:3 | 40616 ||| Stepping ~*~*~tactically~*~*~ (hiding).
 40617 | Vaults:3 | 40617 ||| INVOKING Brothers in Arms.
 40618 | Vaults:3 | 40618 ||| INVOKING Brothers in Arms.
 40619 | Vaults:3 | 40619 ||| INVOKING Brothers in Arms.
 40620 | Vaults:3 | 40620 ||| INVOKING Brothers in Arms.
 40726 | Vaults:3 | Found a staircase to the Crypt.
 40726 | Vaults:3 | Found a basalt altar of Yredelemnul.
 40726 | Vaults:3 | Found an ancient bone altar of Kikubaaqudgha.
 40929 | Vaults:3 | 40929 ||| DROPPING amulet of faith.
 41037 | Vaults:4 | Reached XP level 20. HP: 183/200 MP: 19/19
 41056 | Vaults:4 | 41056 ||| Stepping ~*~*~tactically~*~*~ (stealth).
 41171 | Vaults:4 | 41171 ||| FLEEEEING.
 41176 | Vaults:4 | 41176 ||| FLEEEEING.
 41184 | Vaults:4 | 41184 ||| Stepping ~*~*~tactically~*~*~ (hiding).
 41186 | Vaults:4 | 41186 ||| Stepping ~*~*~tactically~*~*~ (hiding).
 41187 | Vaults:4 | 41187 ||| Stepping ~*~*~tactically~*~*~ (hiding).
 41217 | Vaults:4 | 41217 ||| Stepping ~*~*~tactically~*~*~ (stealth).
 41219 | Vaults:4 | 41219 ||| INVOKING Trog's Hand.
 41343 | Vaults:4 | 41343 ||| Stepping ~*~*~tactically~*~*~ (cloud).
 41448 | Vaults:4 | 41448 ||| Stepping ~*~*~tactically~*~*~ (hiding).
 41572 | Vaults:4 | 41572 ||| Stepping ~*~*~tactically~*~*~ (hiding).
 41573 | Vaults:4 | 41573 ||| Stepping ~*~*~tactically~*~*~ (hiding).
 41577 | Vaults:4 | 41577 ||| INVOKING Trog's Hand.
 41609 | Vaults:4 | 41609 ||| INVOKING Trog's Hand.
 41759 | Vaults:4 | 41759 ||| Stepping ~*~*~tactically~*~*~ (hiding).
 41860 | Vaults:4 | 41860 ||| FLEEEEING.
 41862 | Vaults:4 | 41862 ||| FLEEEEING.
 41863 | Vaults:4 | 41863 ||| FLEEEEING.
 41865 | Vaults:4 | 41865 ||| FLEEEEING.
 41871 | Vaults:4 | 41871 ||| FLEEEEING.
 42043 | Vaults:4 | 42043 ||| INVOKING Trog's Hand.
 42055 | Vaults:4 | Reached skill level 21 in Armour
 42241 | Vaults:4 | 42241 ||| READING 6 scrolls of teleportation.
 42289 | Vaults:4 | 42289 ||| Stepping ~*~*~tactically~*~*~ (stealth).
 42385 | Vaults:5 | Entered Level 5 of the Vaults
 42386 | Vaults:5 | 42386 ||| PLANNING SPIDER:4
 42392 | Vaults:5 | 42392 ||| INVOKING Trog's Hand.
 42399 | Vaults:5 | Received a gift from Trog
 42401 | Vaults:5 | 42401 ||| INVOKING Brothers in Arms.
 42407 | Vaults:5 | 42407 ||| INVOKING Berserk.
 42414 | Vaults:5 | Reached skill level 23 in Fighting
 42427 | Vaults:5 | Noticed a dread lich
 42435 | Vaults:5 | 42435 ||| INVOKING Brothers in Arms.
 42445 | Vaults:5 | 42445 ||| INVOKING Trog's Hand.
 42446 | Vaults:5 | 42446 ||| INVOKING Brothers in Arms.
 42450 | Vaults:5 | Killed a dread lich
 42452 | Vaults:5 | HP: 38/201 [vault guard/+3 great sword (14)]
 42453 | Vaults:5 | 42453 ||| READING 5 scrolls of teleportation.
 42454 | Vaults:5 | 42454 ||| DRINKING 5 potions of heal wounds.
 42783 | Vaults:5 | 42783 ||| INVOKING Berserk.
 42812 | Vaults:5 | 42812 ||| Stepping ~*~*~tactically~*~*~ (stealth).
 42847 | Vaults:5 | 42847 ||| READING scroll of acquirement.
 42847 | Vaults:5 | 42847 ||| ACQUIRING 1286 gold pieces
 42847 | Vaults:5 | Acquired 1286 gold pieces
 42894 | Vaults:5 | 42894 ||| Stepping ~*~*~tactically~*~*~ (hiding).
 42898 | Vaults:5 | 42898 ||| INVOKING Berserk.
 42913 | Vaults:5 | 42913 ||| Stepping ~*~*~tactically~*~*~ (hiding).
 42915 | Vaults:5 | 42915 ||| Stepping ~*~*~tactically~*~*~ (stealth).
 42933 | Vaults:5 | 42933 ||| Stepping ~*~*~tactically~*~*~ (hiding).
 42989 | Vaults:5 | 42989 ||| Stepping ~*~*~tactically~*~*~ (hiding).
 42997 | Vaults:5 | 42997 ||| INVOKING Brothers in Arms.
 43073 | Vaults:5 | 43073 ||| INVOKING Trog's Hand.
 43088 | Vaults:5 | Identified the +3 shortbow of Fomell {vorpal, Dex+4 Stlth-}
 43111 | Vaults:5 | Reached XP level 21. HP: 209/213 MP: 20/20
 43124 | Vaults:5 | 43124 ||| FLEEEEING.
 43126 | Vaults:5 | 43126 ||| STAIRDANCE
 43228 | Vaults:4 | 43228 ||| DROPPING +0 hat of stealth.
 43229 | Vaults:4 | 43229 ||| DROPPING ring of resist corrosion.
 43568 | Spider:4 | Entered Level 4 of the Spider Nest
 43648 | Spider:4 | Received a gift from Trog
 43662 | Spider:4 | Reached skill level 24 in Fighting
 43692 | Spider:4 | 43692 ||| Stepping ~*~*~tactically~*~*~ (hiding).
 43756 | Spider:4 | 43756 ||| Stepping ~*~*~tactically~*~*~ (stealth).
 43757 | Spider:4 | 43757 ||| FLEEEEING.
 43843 | Spider:4 | 43843 ||| Stepping ~*~*~tactically~*~*~ (stealth).
 43868 | Spider:4 | 43868 ||| Stepping ~*~*~tactically~*~*~ (stealth).
 43906 | Spider:4 | 43906 ||| DROPPING +3 vorpal broad axe.
 43957 | Spider:4 | 43957 ||| Stepping ~*~*~tactically~*~*~ (stealth).
 44038 | Spider:4 | Got a gossamer rune of Zot
 44279 | Spider:4 | 44279 ||| PLANNING DEPTHS
 44279 | Spider:4 | 44279 ||| DROPPING scarf of invisibility.
 44280 | Spider:4 | 44280 ||| DROPPING ring of poison resistance.
 44573 | Depths:1 | Entered Level 1 of the Depths
 44591 | Depths:1 | 44591 ||| INVOKING Brothers in Arms.
 44593 | Depths:1 | 44593 ||| INVOKING Brothers in Arms.
 44613 | Depths:1 | 44613 ||| INVOKING Brothers in Arms.
 44657 | Depths:1 | 44657 ||| INVOKING Brothers in Arms.
 44658 | Depths:1 | 44658 ||| INVOKING Brothers in Arms.
 44660 | Depths:1 | Found a broken altar of Ashenzari.
 44918 | Depths:1 | 44918 ||| Stepping ~*~*~tactically~*~*~ (stealth).
 44932 | Depths:1 | Reached skill level 25 in Fighting
 44974 | Depths:1 | 44974 ||| Stepping ~*~*~tactically~*~*~ (hiding).
 44976 | Depths:1 | 44976 ||| Stepping ~*~*~tactically~*~*~ (hiding).
 44977 | Depths:1 | 44977 ||| Stepping ~*~*~tactically~*~*~ (hiding).
 44978 | Depths:1 | 44978 ||| Stepping ~*~*~tactically~*~*~ (hiding).
 45164 | Depths:1 | Found a one-way gate leading to the halls of Pandemonium.
 45165 | Depths:1 | 45165 ||| DROPPING amulet of magic regeneration.
 45167 | Depths:1 | 45167 ||| READING 6 scrolls of teleportation.
 45217 | Depths:1 | Found Amonnieg's Book Shop.
 45564 | Depths:1 | Found a gateway to Hell.
 45716 | Depths:1 | Found Koliyss's Book Shoppe.
 45717 | Depths:1 | Found Yshruj's Jewellery Shop.
 45719 | Depths:1 | Found Ereotetu's Book Shoppe.
 45729 | Depths:1 | 45729 ||| READING 5 scrolls of teleportation.
 45749 | Depths:2 | 45749 ||| INVOKING Brothers in Arms.
 45755 | Depths:2 | 45755 ||| INVOKING Trog's Hand.
 45770 | Depths:2 | 45770 ||| INVOKING Brothers in Arms.
 45789 | Depths:2 | 45789 ||| FLEEEEING.
 45791 | Depths:2 | 45791 ||| STAIRDANCE
 45962 | Depths:2 | Noticed Mara
 45963 | Depths:2 | 45963 ||| Stepping ~*~*~tactically~*~*~ (hiding).
 45964 | Depths:2 | 45964 ||| INVOKING Brothers in Arms.
 45970 | Depths:2 | Killed Mara
 45983 | Depths:2 | 45983 ||| INVOKING Berserk.
 46064 | Depths:2 | 46064 ||| INVOKING Trog's Hand.
 46092 | Depths:2 | 46092 ||| Stepping ~*~*~tactically~*~*~ (hiding).
 46129 | Depths:2 | Noticed Aizul
 46130 | Depths:2 | 46130 ||| INVOKING Trog's Hand.
 46134 | Depths:2 | Killed Aizul
 46233 | Depths:2 | 46233 ||| Stepping ~*~*~tactically~*~*~ (stealth).
 46279 | Depths:2 | Found Fithrimp's Jewellery Emporium.
 46301 | Depths:2 | Found a one-way gateway to a ziggurat.
 46338 | Depths:2 | 46338 ||| INVOKING Trog's Hand.
 46394 | Depths:2 | 46394 ||| Stepping ~*~*~tactically~*~*~ (stealth).
 46396 | Depths:2 | 46396 ||| Stepping ~*~*~tactically~*~*~ (stealth).
 46398 | Depths:2 | 46398 ||| Stepping ~*~*~tactically~*~*~ (hiding).
 46842 | Depths:2 | 46842 ||| DRINKING 2 murky yellow potions.
 46947 | Depths:2 | 46947 ||| DROPPING potion of berserk rage.
 47056 | Depths:1 | 47056 ||| READING 5 scrolls of teleportation.
 47184 | Depths:3 | 47184 ||| FLEEEEING.
 47185 | Depths:3 | 47185 ||| Stepping ~*~*~tactically~*~*~ (hiding).
 47195 | Depths:3 | 47195 ||| FLEEEEING.
 47196 | Depths:3 | 47196 ||| FLEEEEING.
 47197 | Depths:3 | 47197 ||| FLEEEEING.
 47198 | Depths:3 | 47198 ||| FLEEEEING.
 47202 | Depths:3 | 47202 ||| STAIRDANCE
 47275 | Depths:3 | 47275 ||| Stepping ~*~*~tactically~*~*~ (hiding).
 47455 | Depths:3 | 47455 ||| Stepping ~*~*~tactically~*~*~ (hiding).
 47589 | Depths:3 | 47589 ||| FLEEEEING.
 47590 | Depths:3 | 47590 ||| FLEEEEING.
 47591 | Depths:3 | 47591 ||| FLEEEEING.
 47592 | Depths:3 | 47592 ||| FLEEEEING.
 47593 | Depths:3 | 47593 ||| FLEEEEING.
 47594 | Depths:3 | 47594 ||| FLEEEEING.
 47595 | Depths:3 | 47595 ||| FLEEEEING.
 47596 | Depths:3 | 47596 ||| FLEEEEING.
 47605 | Depths:3 | 47605 ||| FLEEEEING.
 47606 | Depths:3 | 47606 ||| FLEEEEING.
 47611 | Depths:3 | 47611 ||| FLEEEEING.
 47612 | Depths:3 | 47612 ||| FLEEEEING.
 47624 | Depths:3 | 47624 ||| FLEEEEING.
 47625 | Depths:3 | 47625 ||| INVOKING Brothers in Arms.
 47626 | Depths:3 | 47626 ||| INVOKING Brothers in Arms.
 47755 | Depths:3 | Found the +8 trishula "Condemnation" {holy, anguish, *Noise
                  | Fly rN+}
 47755 | Depths:3 | Noticed a caustic shrike
 47756 | Depths:3 | 47756 ||| INVOKING Trog's Hand.
 47762 | Depths:3 | Reached XP level 22. HP: 218/226 MP: 21/21
 47763 | Depths:3 | Killed a caustic shrike
 47775 | Depths:3 | 47775 ||| INVOKING Berserk.
 47801 | Depths:3 | Noticed a caustic shrike
 47814 | Depths:3 | Killed a caustic shrike
 47819 | Depths:3 | 47819 ||| INVOKING Trog's Hand.
 47830 | Depths:3 | HP: 45/226 [tengu reaver/bolt of fire (18)]
 47831 | Depths:3 | 47831 ||| READING 4 scrolls of teleportation.
 47832 | Depths:3 | 47832 ||| DRINKING 6 potions of heal wounds.
 47854 | Depths:3 | 47854 ||| INVOKING Trog's Hand.
 47899 | Depths:3 | 47899 ||| INVOKING Trog's Hand.
 47928 | Depths:3 | 47928 ||| Stepping ~*~*~tactically~*~*~ (stealth).
 47932 | Depths:3 | 47932 ||| INVOKING Berserk.
 48269 | Depths:3 | 48269 ||| Stepping ~*~*~tactically~*~*~ (stealth).
 48273 | Depths:3 | 48273 ||| Stepping ~*~*~tactically~*~*~ (hiding).
 48274 | Depths:3 | 48274 ||| INVOKING Berserk.
 48472 | Depths:3 | 48472 ||| Stepping ~*~*~tactically~*~*~ (stealth).
 48474 | Depths:3 | 48474 ||| Stepping ~*~*~tactically~*~*~ (stealth).
 48477 | Depths:3 | 48477 ||| Stepping ~*~*~tactically~*~*~ (hiding).
 48800 | Depths:3 | 48800 ||| Stepping ~*~*~tactically~*~*~ (hiding).
 48933 | Depths:3 | Reached skill level 26 in Fighting
 49207 | Depths:3 | Identified the ring of Jiagg {rPois Str+2 Int+4}
 49249 | Depths:3 | 49249 ||| Stepping ~*~*~tactically~*~*~ (hiding).
 49452 | Depths:3 | 49452 ||| UPGRADING to ring of Jiagg {rPois Str+2 Int+4}.
 49508 | Depths:4 | Entered Level 4 of the Depths
 49656 | Depths:4 | 49656 ||| Stepping ~*~*~tactically~*~*~ (cloud).
 49680 | Depths:4 | 49680 ||| Stepping ~*~*~tactically~*~*~ (stealth).
 49823 | Depths:4 | Found a gate to the Realm of Zot.
 49825 | Depths:4 | 49825 ||| INVOKING Brothers in Arms.
 49836 | Depths:4 | 49836 ||| INVOKING Berserk.
 49977 | Depths:4 | 49977 ||| Stepping ~*~*~tactically~*~*~ (stealth).
 49996 | Depths:4 | 49996 ||| FLEEEEING.
 50004 | Depths:4 | 50004 ||| FLEEEEING.
 50005 | Depths:4 | 50005 ||| Stepping ~*~*~tactically~*~*~ (hiding).
 50008 | Depths:4 | 50008 ||| Stepping ~*~*~tactically~*~*~ (hiding).
 50216 | Depths:4 | 50216 ||| Stepping ~*~*~tactically~*~*~ (stealth).
 50218 | Depths:4 | 50218 ||| Stepping ~*~*~tactically~*~*~ (stealth).
 50221 | Depths:4 | 50221 ||| Stepping ~*~*~tactically~*~*~ (stealth).
 50223 | Depths:4 | 50223 ||| Stepping ~*~*~tactically~*~*~ (stealth).
 50290 | Depths:4 | 50290 ||| Stepping ~*~*~tactically~*~*~ (hiding).
 50321 | Depths:4 | 50321 ||| Stepping ~*~*~tactically~*~*~ (hiding).
 50325 | Depths:4 | 50325 ||| INVOKING Brothers in Arms.
 50355 | Depths:4 | 50355 ||| INVOKING Trog's Hand.
 50361 | Depths:4 | Reached skill level 24 in Armour
 50450 | Depths:4 | 50450 ||| Stepping ~*~*~tactically~*~*~ (hiding).
 50543 | Depths:4 | 50543 ||| Stepping ~*~*~tactically~*~*~ (stealth).
 50546 | Depths:4 | 50546 ||| Stepping ~*~*~tactically~*~*~ (hiding).
 50549 | Depths:4 | 50549 ||| INVOKING Brothers in Arms.
 50550 | Depths:4 | 50550 ||| INVOKING Brothers in Arms.
 50587 | Depths:4 | 50587 ||| INVOKING Brothers in Arms.
 50588 | Depths:4 | 50588 ||| INVOKING Brothers in Arms.
 50738 | Depths:4 | 50738 ||| FLEEEEING.
 50739 | Depths:4 | 50739 ||| FLEEEEING.
 50740 | Depths:4 | 50740 ||| FLEEEEING.
 50747 | Depths:4 | 50747 ||| INVOKING Trog's Hand.
 50942 | Depths:4 | 50942 ||| Stepping ~*~*~tactically~*~*~ (hiding).
 50972 | Depths:4 | 50972 ||| Stepping ~*~*~tactically~*~*~ (cloud).
 51362 | Depths:4 | 51362 ||| PLANNING VAULTS:5
 51362 | Depths:4 | 51362 ||| DROPPING +4 ring of evasion.
 51653 | Vaults:5 | 51653 ||| Stepping ~*~*~tactically~*~*~ (hiding).
 51654 | Vaults:5 | 51654 ||| Stepping ~*~*~tactically~*~*~ (hiding).
 51655 | Vaults:5 | 51655 ||| Stepping ~*~*~tactically~*~*~ (hiding).
 51685 | Vaults:5 | Identified the +3 fire dragon scales "Mifesu" {rF++ rC-
                  | Int+3}
 51692 | Vaults:5 | 51692 ||| INVOKING Berserk.
 51751 | Vaults:5 | 51751 ||| FLEEEEING.
 51754 | Vaults:5 | 51754 ||| STAIRDANCE
 51891 | Vaults:5 | Identified the +6 glaive "Vasaesus" {protect, rPois Str+2}
 51907 | Vaults:5 | 51907 ||| INVOKING Trog's Hand.
 51908 | Vaults:5 | Noticed a shard shrike
 51908 | Vaults:5 | a rockslime changed into a shard shrike
 51910 | Vaults:5 | a shard shrike changed into a rockslime
 51939 | Vaults:5 | 51939 ||| INVOKING Brothers in Arms.
 51952 | Vaults:5 | 51952 ||| INVOKING Berserk.
 52011 | Vaults:5 | 52011 ||| INVOKING Trog's Hand.
 52027 | Vaults:5 | Identified the ring of Asacwamyg {rElec rF- rCorr EV+4
                  | Str+5}
 52028 | Vaults:5 | 52028 ||| Stepping ~*~*~tactically~*~*~ (hiding).
 52040 | Vaults:5 | 52040 ||| Stepping ~*~*~tactically~*~*~ (stealth).
 52041 | Vaults:5 | 52041 ||| INVOKING Trog's Hand.
 52057 | Vaults:5 | 52057 ||| Stepping ~*~*~tactically~*~*~ (hiding).
 52064 | Vaults:5 | 52064 ||| Stepping ~*~*~tactically~*~*~ (hiding).
 52065 | Vaults:5 | 52065 ||| Stepping ~*~*~tactically~*~*~ (hiding).
 52074 | Vaults:5 | 52074 ||| INVOKING Trog's Hand.
 52084 | Vaults:5 | Reached skill level 15 in Dodging
 52084 | Vaults:5 | 52084 ||| Stepping ~*~*~tactically~*~*~ (hiding).
 52086 | Vaults:5 | 52086 ||| INVOKING Berserk.
 52092 | Vaults:5 | Reached XP level 23. HP: 236/236 MP: 22/22
 52406 | Vaults:5 | 52406 ||| INVOKING Brothers in Arms.
 52423 | Vaults:5 | 52423 ||| INVOKING Brothers in Arms.
 52424 | Vaults:5 | 52424 ||| INVOKING Brothers in Arms.
 52438 | Vaults:5 | Reached skill level 1 in Evocations
 52510 | Vaults:5 | 52510 ||| INVOKING Brothers in Arms.
 52511 | Vaults:5 | 52511 ||| INVOKING Brothers in Arms.
 52566 | Vaults:5 | 52566 ||| Stepping ~*~*~tactically~*~*~ (hiding).
 52567 | Vaults:5 | 52567 ||| Stepping ~*~*~tactically~*~*~ (hiding).
 52568 | Vaults:5 | 52568 ||| FLEEEEING.
 52569 | Vaults:5 | 52569 ||| FLEEEEING.
 52709 | Vaults:5 | 52709 ||| FLEEEEING.
 52719 | Vaults:5 | 52719 ||| STAIRDANCE
 52807 | Vaults:4 | 52807 ||| UPGRADING to ring of Asacwamyg {rElec rF- rCorr
                  | EV+4 Str+5}.
 52809 | Vaults:4 | 52809 ||| UPGRADING to +0 cloak of the Hanged Man {rPois
                  | rF- Regen+ Int+5 SInv}.
 52819 | Vaults:4 | 52819 ||| SWAPPING to +1 vampiric broad axe.
 52820 | Vaults:4 | 52820 ||| READING 3 scrolls of enchant weapon.
 52820 | Vaults:4 | 52820 ||| ENCHANTING +1 vampiric broad axe.
 52821 | Vaults:4 | 52821 ||| READING 2 scrolls of enchant weapon.
 52821 | Vaults:4 | 52821 ||| ENCHANTING +2 vampiric broad axe.
 52822 | Vaults:4 | 52822 ||| READING scroll of enchant weapon.
 52822 | Vaults:4 | 52822 ||| ENCHANTING +3 vampiric broad axe.
 52823 | Vaults:4 | 52823 ||| DROPPING +14 obsidian axe {vorpal, Mesm Drain Fly
                  | SInv}.
 52824 | Vaults:4 | 52824 ||| DROPPING ring of Jiagg {rPois Str+2 Int+4}.
 53146 | Vaults:5 | Got a silver rune of Zot
 53352 | Vaults:5 | 53352 ||| PLANNING SHOPPING SPREE
 53352 | Vaults:5 | 53352 ||| DROPPING +1 pair of boots.
 53881 | D:6      | 53881 ||| BUYING potion of mutation (208 gold).
 53881 | D:6      | Bought a potion of mutation for 208 gold pieces
 54131 | Orc:2    | 54131 ||| BUYING pair of warped boots (247 gold).
 54131 | Orc:2    | Bought a pair of warped boots for 247 gold pieces
 54131 | Orc:2    | Identified the +4 pair of boots "Ufahyt" {Will+ Dex+4} (You
                  | bought it in a shop on level 2 of the Orcish Mines)
 54131 | Orc:2    | 54131 ||| UPGRADING to +4 pair of boots "Ufahyt" {Will+
                  | Dex+4}.
 54141 | Orc:2    | 54141 ||| DROPPING +2 pair of boots of stealth.
 54158 | Orc:2    | 54158 ||| BUYING ring "Synwasoi" {EV+4 Str+6 Int+3} (990
                  | gold).
 54158 | Orc:2    | Bought the ring "Synwasoi" {EV+4 Str+6 Int+3} for 990 gold
                  | pieces
 54158 | Orc:2    | 54158 ||| UPGRADING to ring "Synwasoi" {EV+4 Str+6 Int+3}.
 54160 | Orc:2    | 54160 ||| DROPPING ring of protection from fire.
 54161 | Orc:2    | 54161 ||| DROPPING +4 ring of protection.
 54162 | Orc:2    | 54162 ||| CLEARING SHOPPING LIST
 54162 | Orc:2    | 54162 ||| PLANNING ZOT:1-4
 54162 | Orc:2    | 54162 ||| READING 7 scrolls of teleportation.
 54407 | Zot:1    | Entered Level 1 of the Realm of Zot
 54568 | Zot:1    | 54568 ||| INVOKING Berserk.
 54703 | Zot:1    | 54703 ||| Stepping ~*~*~tactically~*~*~ (stealth).
 54705 | Zot:1    | 54705 ||| Stepping ~*~*~tactically~*~*~ (stealth).
 54742 | Zot:1    | 54742 ||| INVOKING Brothers in Arms.
 54748 | Zot:1    | 54748 ||| INVOKING Berserk.
 54759 | Zot:1    | 54759 ||| Stepping ~*~*~tactically~*~*~ (stealth).
 54775 | Zot:1    | 54775 ||| Stepping ~*~*~tactically~*~*~ (stealth).
 54776 | Zot:1    | 54776 ||| Stepping ~*~*~tactically~*~*~ (stealth).
 54778 | Zot:1    | Found a transporter.
 54908 | Zot:1    | 54908 ||| INVOKING Berserk.
 54943 | Zot:1    | 54943 ||| Stepping ~*~*~tactically~*~*~ (stealth).
 54970 | Zot:1    | Identified the +2 long sword "Goblinbane" {holy, rElec rF+
                  | Int-2}
 55014 | Zot:1    | 55014 ||| Stepping ~*~*~tactically~*~*~ (hiding).
 55018 | Zot:1    | 55018 ||| INVOKING Berserk.
 55319 | Zot:2    | 55319 ||| Stepping ~*~*~tactically~*~*~ (hiding).
 55324 | Zot:2    | 55324 ||| INVOKING Berserk.
 55336 | Zot:2    | 55336 ||| Stepping ~*~*~tactically~*~*~ (hiding).
 55477 | Zot:2    | 55477 ||| Stepping ~*~*~tactically~*~*~ (hiding).
 55565 | Zot:2    | 55565 ||| INVOKING Berserk.
 55693 | Zot:2    | 55693 ||| INVOKING Berserk.
 55921 | Zot:2    | 55921 ||| INVOKING Berserk.
 56125 | Zot:2    | 56125 ||| Stepping ~*~*~tactically~*~*~ (hiding).
 56171 | Zot:2    | 56171 ||| Stepping ~*~*~tactically~*~*~ (hiding).
 56172 | Zot:2    | 56172 ||| INVOKING Berserk.
 56416 | Zot:2    | Identified the +2 plate armour of Zesegui {*Slow rC- rCorr
                  | Dex+8}
 56417 | Zot:2    | 56417 ||| DROPPING +0 cloak of poison resistance.
 56453 | Zot:3    | 56453 ||| INVOKING Berserk.
 56505 | Zot:3    | 56505 ||| FLEEEEING.
 56513 | Zot:3    | 56513 ||| STAIRDANCE
 56659 | Zot:3    | 56659 ||| Stepping ~*~*~tactically~*~*~ (hiding).
 56669 | Zot:3    | 56669 ||| Stepping ~*~*~tactically~*~*~ (cloud).
 56670 | Zot:3    | 56670 ||| FLEEEEING.
 56675 | Zot:3    | 56675 ||| INVOKING Berserk.
 56681 | Zot:3    | Reached skill level 12 in Throwing
 56717 | Zot:3    | You fall into a shaft and drop 1 floor!
 56720 | Zot:4    | 56720 ||| Stepping ~*~*~tactically~*~*~ (stealth).
 56731 | Zot:4    | 56731 ||| INVOKING Brothers in Arms.
 56766 | Zot:4    | 56766 ||| INVOKING Berserk.
 56924 | Zot:4    | 56924 ||| Stepping ~*~*~tactically~*~*~ (hiding).
 56937 | Zot:4    | 56937 ||| INVOKING Berserk.
 56965 | Zot:4    | 56965 ||| INVOKING Brothers in Arms.
 56966 | Zot:4    | 56966 ||| INVOKING Brothers in Arms.
 57125 | Zot:4    | 57125 ||| Stepping ~*~*~tactically~*~*~ (hiding).
 57128 | Zot:4    | 57128 ||| INVOKING Berserk.
 57388 | Zot:3    | 57388 ||| Stepping ~*~*~tactically~*~*~ (hiding).
 57389 | Zot:3    | 57389 ||| Stepping ~*~*~tactically~*~*~ (hiding).
 57420 | Zot:3    | 57420 ||| Stepping ~*~*~tactically~*~*~ (stealth).
 57423 | Zot:3    | 57423 ||| Stepping ~*~*~tactically~*~*~ (hiding).
 57428 | Zot:3    | 57428 ||| Stepping ~*~*~tactically~*~*~ (hiding).
 57491 | Zot:3    | 57491 ||| Stepping ~*~*~tactically~*~*~ (hiding).
 57493 | Zot:3    | Found the +4 dragonskin cloak
 57493 | Zot:3    | Noticed Tiamat
 57494 | Zot:3    | 57494 ||| INVOKING Brothers in Arms.
 57495 | Zot:3    | 57495 ||| INVOKING Brothers in Arms.
 57496 | Zot:3    | 57496 ||| INVOKING Berserk.
 57523 | Zot:3    | 57523 ||| INVOKING Brothers in Arms.
 57528 | Zot:3    | Reached XP level 24. HP: 236/247 MP: 22/22
 57565 | Zot:3    | 57565 ||| INVOKING Berserk.
 57577 | Zot:3    | Killed Tiamat
 57704 | Zot:3    | 57704 ||| Stepping ~*~*~tactically~*~*~ (stealth).
 57705 | Zot:3    | 57705 ||| Stepping ~*~*~tactically~*~*~ (stealth).
 57706 | Zot:3    | 57706 ||| Stepping ~*~*~tactically~*~*~ (stealth).
 57707 | Zot:3    | 57707 ||| Stepping ~*~*~tactically~*~*~ (stealth).
 57708 | Zot:3    | 57708 ||| Stepping ~*~*~tactically~*~*~ (stealth).
 57711 | Zot:3    | 57711 ||| Stepping ~*~*~tactically~*~*~ (hiding).
 57712 | Zot:3    | 57712 ||| Stepping ~*~*~tactically~*~*~ (hiding).
 57715 | Zot:3    | 57715 ||| Stepping ~*~*~tactically~*~*~ (hiding).
 57716 | Zot:3    | 57716 ||| Stepping ~*~*~tactically~*~*~ (hiding).
 57726 | Zot:3    | 57726 ||| Stepping ~*~*~tactically~*~*~ (hiding).
 57731 | Zot:3    | Reached skill level 15 in Throwing
 58030 | Zot:3    | 58030 ||| DROPPING +2 cloak of preservation.
 58139 | Zot:4    | 58139 ||| Stepping ~*~*~tactically~*~*~ (stealth).
 58142 | Zot:4    | 58142 ||| Stepping ~*~*~tactically~*~*~ (stealth).
 58418 | Zot:4    | 58418 ||| PLANNING ORB
 58434 | Zot:5    | Entered Level 5 of the Realm of Zot
 58445 | Zot:5    | 58445 ||| Stepping ~*~*~tactically~*~*~ (hiding).
 58448 | Zot:5    | 58448 ||| INVOKING Berserk.
 58819 | Zot:5    | Noticed a dread lich
 58820 | Zot:5    | 58820 ||| Stepping ~*~*~tactically~*~*~ (stealth).
 58822 | Zot:5    | 58822 ||| INVOKING Trog's Hand.
 58828 | Zot:5    | 58828 ||| INVOKING Berserk.
 58833 | Zot:5    | Killed a dread lich
 58973 | Zot:5    | 58973 ||| PLANNING ORB
 58973 | Zot:5    | 58973 ||| PLANNING ORB
 58974 | Zot:5    | 58974 ||| READING 7 scrolls of teleportation.
 58983 | Zot:5    | Noticed a Killer Klown
 58983 | Zot:5    | Noticed an orb of fire
 58983 | Zot:5    | Noticed a dread lich
 58984 | Zot:5    | Noticed an orb of fire
 58984 | Zot:5    | 58984 ||| INVOKING Trog's Hand.
 58985 | Zot:5    | 58985 ||| INVOKING Berserk.
 58987 | Zot:5    | Noticed an orb of fire
 58987 | Zot:5    | Noticed a dread lich
 58989 | Zot:5    | Noticed an orb of fire
 58990 | Zot:5    | Reached skill level 18 in Dodging
 58991 | Zot:5    | Noticed a dread lich
 58998 | Zot:5    | Reached skill level 3 in Evocations
 58998 | Zot:5    | Gained mutation: You are weak. (Str -2) [an orb of fire]
 59001 | Zot:5    | Killed a dread lich
 59003 | Zot:5    | Killed an orb of fire
 59006 | Zot:5    | Gained mutation: You sometimes lose your temper in combat.
                  | [an orb of fire]
 59011 | Zot:5    | Killed an orb of fire
 59011 | Zot:5    | Gained mutation: Your body sometimes deteriorates upon
                  | taking damage. [an orb of fire]
 59018 | Zot:5    | HP: 41/247 [orb of fire/bolt of fire (55)]
 59019 | Zot:5    | 59019 ||| READING 6 scrolls of teleportation.
 59019 | Zot:5    | Gained mutation: You do not regenerate when monsters are
                  | visible. [an orb of fire]
 59019 | Zot:5    | Gained mutation: You are very clumsy. (Dex -4) [an orb of
                  | fire]
 59019 | Zot:5    | HP: 20/246 [Hell Sentinel[a dread lich] (5)]
 59020 | Zot:5    | 59020 ||| DRINKING 7 potions of heal wounds.
 59020 | Zot:5    | Gained mutation: You occasionally lose the ability to drink
                  | potions when taking damage. [an orb of fire]
 59020 | Zot:5    | HP: 6/246 [Hell Sentinel/iron shot[a dread lich] (26)]
 59021 | Zot:5    | 59021 ||| DRINKING 6 potions of heal wounds.
 59022 | Zot:5    | 59022 ||| DRINKING 5 potions of heal wounds.
 59022 | Zot:5    | Gained mutation: Your body often deteriorates upon taking
                  | damage. [an orb of fire]
 59022 | Zot:5    | Gained mutation: You are very weak. (Str -4) [an orb of
                  | fire]
 59022 | Zot:5    | HP: 1/246 [green draconian/+0 halberd[a yellow draconian
                  | annihilator] (18)]
 59023 | Zot:5    | 59023 ||| DRINKING 4 potions of heal wounds.
 59024 | Zot:5    | 59024 ||| DRINKING 3 potions of heal wounds.
 59024 | Zot:5    | Mangled by a red draconian

Levels and vault maps discovered:
D:1:      shiori_shiawase, layout_basic
D:2:      layout_basic, hellmonk_ecumenical_altar_blasted,
          minmay_pentomino_pile, uniq_crazy_yiuf_cottage, uniq_sigmund
D:3:      layout_loops_ring, ebering_ghost_sewer_f, uniq_grinder
D:4:      layout_cave_pods
D:5:      minmay_thick_lines, layout_basic, nzn_wu_jian_contemplation,
          minmay_temple_entry_poolview, st_stairs_7
D:6:      nicolae_cairo_tiling_very_big, layout_rooms,
          nicolae_overflow_hallway_of_the_gods, kennysheep_another_room,
          nicolae_inconvenience_store, nicolae_shop_firing_range, uniq_edmund,
          uniq_menkaure
D:7:      layout_basic, uniq_pikel
D:8:      layout_gridville, nicolae_overflow_hidden_temple
D:9:      layout_loops_ring, kennysheep_mini_moat, minmay_misc_feat_alley
D:10:     layout_basic, lair_entry_dummy, chequers_jeans
D:11:     layout_basic, ebering_ghost_reflecting_pool, minmay_misc_feat_pillars,
          corexii_leaking_fountain, kennysheep_generic_room_2
D:12:     layout_irregular_city, orc_0_dummy, nicolae_trove_entry_columns
D:13:     layout_loops_corners, mikee_hates_you
D:14:     layout_roguey, david_vaults_5, uniq_jorgrun, uniq_josephine
D:15:     gammafunk_enter_depths_forms, layout_gridville,
          ebering_ghost_reflecting_pool, nicolae_gozag_zags_fifth_avenue
Lair:1:   layout_gridlike, gammafunk_ghost_necromancy, serial_bayou_lagoon_a,
          minivault_19, uniq_grum
Lair:2:   layout_regular_city, hellmonk_spider_entry_not_the_bees,
          chequers_serial_rivers_large_b, beast_lair_carwin_4,
          infiniplex_staircase_pool, grunt_megastairs_5, serial_bayou_shore_b,
          uniq_sonja
Lair:3:   layout_loops_ring, swamp_mist_pool, serial_bayou_pond_e, minivault_24,
          grunt_megastairs_2, infiniplex_staircase_pool_2
Lair:4:   minmay_lair_oklob_chamber, layout_gridlike,
          minmay_slime_entry_jelly_boxes, beast_lair_carwin_2,
          grunt_megastairs_4
Lair:5:   hellmonk_lair_end_abyssal_woods, layout_hall_layers, uniq_urug
Swamp:1:  layout_falls_marsh, evilmike_swamp_ruin_house_3, swamp_pool1
Swamp:2:  layout_basic_swamp, portal_ice_cave_entry_dragon,
          hangedman_swamp_ruin_wall, uniq_frances
Swamp:3:  layout_basic_swamp, evilmike_swamp_ruin_rubble_2, swamp_pool1,
          uniq_roxanne, uniq_nikola
Swamp:4:  swamp_basic_johnstein, layout_basic_swamp, swamp_pool1, uniq_louise
Spider:1: layout_cave_pods
Spider:2: layout_chambers, uniq_kirke
Spider:3: nicolae_spider_hilbert_zone_5 [nicolae_spider_hilbert_3_sides_1_open,
          nicolae_spider_hilbert_4_sides_1_open,
          nicolae_spider_hilbert_4_sides_1_open,
          nicolae_spider_hilbert_6_sides_1_open,
          nicolae_spider_hilbert_6_sides_1_open], ebering_ghost_disaster_area
Spider:4: hellmonk_spider_rune_bug_friends
Orc:1:    layout_diamond_mine, serial_shops, nicolae_square_shop,
          nicolae_orc_lava_tube, lightli_church_of_beogh, uniq_nergalle
Orc:2:    grunt_orc_cross, layout_diamond_mine, serial_shops, shop,
          minmay_orc_temple_a
Vaults:1: v_misc_8, ontoclasm_vaults_eye, vaults_room_large_hall,
          hangedman_vaults_snaps, hangedman_vaults_unwind, hangedman_vaults_hat,
          v_pattern_2, nicolae_vaults_triangles, vaults_room_semicircle,
          nicolae_vaults_gold_heap, layout_vaults_omnicross
Vaults:2: portal_desolation_entry_garden, nicolae_vaults_little_squares_2,
          hangedman_vaults_impose, nicolae_vaults_what_the_h,
          ontoclasm_vaults_tryst, v_misc_30, dpeg_vaults_hating_casters,
          nicolae_vaults_circle_grid_a, ontoclasm_vaults_claustrophobia,
          v_misc_14, v_misc_8, layout_vaults_ring, serial_shops, shop
Vaults:3: hangedman_vaults_corner_blocks, v_alt_pattern_6,
          minmay_crypt_entry_necro_gods, hangedman_vaults_stretched_pinwheel,
          v_pattern_4, ontoclasm_vaults_shuriken, layout_vaults_omnigrid,
          serial_shops, nicolae_shop_behind_doors, uniq_zenata
Vaults:4: nicolae_vaults_asterisk, hangedman_vaults_stagger,
          nicolae_vaults_circle_grid_a, v_misc_1, hangedman_vaults_variations,
          vaults_room_pools, hangedman_vaults_locks, v_misc_31,
          vaults_dpeg_doors, v_misc_11, nicolae_vaults_little_squares_1,
          nicolae_vaults_specimen_jars, vaults_room_grid,
          vaults_room_semicircle, layout_vaults_maze
Vaults:5: serial_shops
Depths:1: layout_cave_shapes, grunt_hell_entry_dis_mu, serial_shops,
          kennysheep_little_box, ashenzari_conservatory_becter,
          grunt_pan_entry_spiral, lightli_corner_chamber, minmay_shop_grove,
          firewood_loft, serial_bayou_shore_b
Depths:2: nicolae_cairo_tiling, layout_long_grid, ziggurat_fallback,
          minmay_misc_feat_rugged, serial_shops, nicolae_lakefront_shop,
          hangedman_geh_valley, pan_entry, uniq_mara, uniq_josephina, uniq_aizul
Depths:3: nicolae_legendary_halls, layout_twisted_cross,
          hangedman_tar_grid_catacomb, abyss_entry, minmay_misc_feat_diagonals,
          nicolae_titane
Depths:4: grunt_x_marks_the_spot, layout_basic, lightli_too_deep, abyss_entry,
          kennysheep_random_hallway, serial_bayou_shore_b
Zot:1:    layout_twisted_circle, nicolae_diode_basic
Zot:2:    kennysheep_oblong_rooms, layout_basic, st_stairs_14
Zot:3:    layout_misc_corridors, uniq_tiamat
Zot:4:    layout_twisted_circle, uniq_grunn
Zot:5:    layout_misc_corridors

Skill      XL: |  1  2  3  4  5  6  7  8  9 10 11 12 13 14 15 16 17 18 19 20 21 22 23 24 |
---------------+-------------------------------------------------------------------------+-----
Axes           | 4 5 6 8 9 10 12 14 15 18 19 20 | 20.0
Armour         | 3 5 6 7 8 9 12 14 15 16 18 19 20 22 23 24 | 24.0
Fighting       | 4 5 6 8 9 11 13 16 18 19 21 22 23 25 26 | 26.9
Throwing       | 2 3 8 9 10 11 14 15 | 15.0
Dodging        | 4 5 7 8 9 10 11 12 13 15 17 18 | 18.0
Shields        | 7 12 14 20 21 22 | 22.9
Evocations     | 2 4 |  4.1

Action                   |  1- 3 |  4- 6 |  7- 9 | 10-12 | 13-15 | 16-18 | 19-21 | 22-24 || total
-------------------------+-------+-------+-------+-------+-------+-------+-------+-------++-------
Melee: Hand axe          |    58 |   100 |   132 |       |       |       |       |       ||   290
       Headbutt          |     4 |    16 |    38 |    40 |   124 |   204 |   227 |   297 ||   950
       Punch             |       |     1 |     2 |     8 |     9 |       |       |       ||    20
       War axe           |       |       |    45 |       |       |       |       |       ||    45
       Broad axe         |       |       |    56 |   286 |   568 |   793 |   833 |   937 ||  3473
       Morningstar       |       |       |       |       |     2 |    22 |       |       ||    24
Throw: Boomerang         |       |       |    13 |    41 |    75 |    81 |   112 |    53 ||   375
       Javelin           |       |       |    10 |     2 |   146 |    75 |    16 |    16 ||   265
Invok: Berserk           |     2 |     2 |    11 |     3 |     8 |     7 |     5 |    26 ||    64
       Trog's Hand       |       |     1 |       |       |     5 |     7 |    17 |    11 ||    41
       Brothers in Arms  |       |       |       |     6 |    19 |    21 |    20 |    13 ||    79
  Use: Scroll            |     2 |     2 |    13 |    10 |     9 |     6 |     6 |     7 ||    55
       Potion            |       |       |     3 |     2 |     1 |     5 |     2 |     6 ||    19
 Stab: Sleeping          |       |     1 |       |       |       |       |       |       ||     1
       Distracted        |       |       |       |       |     5 |     7 |     9 |     8 ||    29
Armor: Animal skin       |     7 |       |       |       |       |       |       |       ||     7
       Plate armour      |    11 |    40 |   153 |   133 |   292 |   429 |   300 |   268 ||  1626
Dodge: Dodged            |    35 |    25 |    62 |    91 |   219 |   320 |   208 |   421 ||  1381
Block: Buckler           |       |       |       |       |    20 |   298 |       |       ||   318
       Reflection        |       |       |       |       |       |    35 |    36 |    47 ||   118
       Tower shield      |       |       |       |       |       |   350 |   793 |  1001 ||  2144

Table legend:
 A = Non-vault XP
 B = Vault XP
 C = Vault XP percentage of total XP
 D = Non-vault monster count
 E = Vault monster count
 F = Vault count percentage of total count
                 A         B        C        D         E       F
            +---------+---------+-------+---------+---------+-------
      Total |  599286 |  448935 |  42.8 |    1249 |     596 |  32.3
            +---------+---------+-------+---------+---------+-------
        D:1 |      57 |       0 |   0.0 |      26 |       0 |   0.0
        D:2 |      79 |     229 |  74.4 |      17 |       4 |  19.0
        D:3 |      91 |     281 |  75.5 |      25 |       1 |   3.8
        D:4 |     169 |       0 |   0.0 |      18 |       0 |   0.0
        D:5 |     236 |     315 |  57.2 |      10 |       8 |  44.4
        D:6 |    1083 |     331 |  23.4 |      22 |       5 |  18.5
        D:7 |    1343 |     651 |  32.6 |      20 |       1 |   4.8
        D:8 |    1816 |       0 |   0.0 |      18 |       0 |   0.0
        D:9 |    3374 |       0 |   0.0 |      34 |       0 |   0.0
       D:10 |    2395 |       0 |   0.0 |      19 |       0 |   0.0
       D:11 |    4220 |     362 |   7.9 |      17 |       2 |  10.5
       D:12 |    9192 |       0 |   0.0 |      32 |       0 |   0.0
       D:13 |    4602 |       0 |   0.0 |      10 |       0 |   0.0
       D:14 |   11324 |    4437 |  28.2 |      21 |       7 |  25.0
       D:15 |    6128 |    5148 |  45.7 |      17 |       9 |  34.6
     Lair:1 |    6602 |     650 |   9.0 |      41 |       5 |  10.9
     Lair:2 |    9117 |    2204 |  19.5 |      29 |      11 |  27.5
     Lair:3 |    6654 |     521 |   7.3 |      27 |       3 |  10.0
     Lair:4 |    9658 |    5123 |  34.7 |      30 |      23 |  43.4
     Lair:5 |   13578 |   12947 |  48.8 |      35 |      43 |  55.1
    Swamp:1 |   12407 |       0 |   0.0 |      27 |       0 |   0.0
    Swamp:2 |    9620 |    2303 |  19.3 |      16 |       2 |  11.1
    Swamp:3 |   11115 |    3739 |  25.2 |      23 |       2 |   8.0
    Swamp:4 |   15012 |   25759 |  63.2 |      29 |      33 |  53.2
   Spider:1 |    7542 |       0 |   0.0 |      26 |       0 |   0.0
   Spider:2 |   10604 |    1671 |  13.6 |      28 |       2 |   6.7
   Spider:3 |   29294 |    2580 |   8.1 |      70 |       5 |   6.7
   Spider:4 |   20807 |   15332 |  42.4 |      41 |      23 |  35.9
      Orc:1 |    5033 |       0 |   0.0 |      50 |       0 |   0.0
      Orc:2 |     967 |    7803 |  89.0 |      23 |      45 |  66.2
   Vaults:1 |   13798 |   33607 |  70.9 |      25 |      42 |  62.7
   Vaults:2 |   34713 |   14640 |  29.7 |      54 |      21 |  28.0
   Vaults:3 |   50388 |   10409 |  17.1 |      60 |      11 |  15.5
   Vaults:4 |   26826 |   10906 |  28.9 |      37 |      14 |  27.5
   Vaults:5 |   25672 |  109461 |  81.0 |      34 |      97 |  74.0
   Depths:1 |   20094 |    4554 |  18.5 |      23 |      10 |  30.3
   Depths:2 |   36238 |    5555 |  13.3 |      40 |       2 |   4.8
   Depths:3 |   37176 |   29207 |  44.0 |      44 |      22 |  33.3
   Depths:4 |   32571 |   28630 |  46.8 |      36 |      26 |  41.9
      Zot:1 |   16043 |       0 |   0.0 |      14 |       0 |   0.0
      Zot:2 |   11578 |   10439 |  47.4 |       8 |       8 |  50.0
      Zot:3 |   40022 |   18535 |  31.7 |      37 |      14 |  27.5
      Zot:4 |   33218 |       0 |   0.0 |      30 |       0 |   0.0
      Zot:5 |    6830 |   37668 |  84.7 |       6 |      14 |  70.0
 Desolation |       0 |   42938 | 100.0 |       0 |      81 | 100.0
            +---------+---------+-------+---------+---------+-------
